 Dungeon Crawl Stone Soup version 0.31-a0-4-gefa6de2278 (webtiles) character file.

Game seed: 1392507741635055671

3354295 GigaChad the Conqueror (level 27, 199/199 HPs) *EXPLORE*
             Began as a Formicid Fighter on Apr 21, 2023.
             Was the Champion of Okawaru.
             Escaped with the Orb
             ... and 5 runes on May 3, 2023!
             The game lasted 03:52:58 (73414 turns).

GigaChad the Conqueror (Formicid Fighter)          Turns: 73414, Time: 03:52:58

Health: 199/199    AC: 50    Str: 38    XL:     27
Magic:  38/38      EV: 21    Int: 14    God:    Okawaru [******]
Gold:   9900       SH: 35    Dex:  9    Spells: 44/44 levels left

rFire   + . .        f - +8 battleaxe of Immorality {spect, Drain rN+ Will++ Int+2}
rCold   . . .        e - +8 tower shield {AC+3}
rNeg    + + +        q - +15 Maxwell's patent armour {-Cast -Tele rElec Will+ rCorr}
rPois   .            (helmet unavailable)
rElec   +            b - +1 cloak of Starlight {*Dazzle EV+4 Stlth--}
rCorr   +            N - +2 pair of gloves "Caniuzia" {rN++ Will++ Dex-2}
SInv    +            h - +1 pair of boots of Awe {Will+}
Will    +++++        F - amulet of Cowardice {Reflect Will+ Regen+ SH+5} Stlth
                     l - ring of Hixao {rElec rF+ rCorr Str+5 Stlth+}
HPRegen 1.33/turn    j - ring "Baeraus" {MP+9 Str+2 Int+2 SInv}
MPRegen 0.26/turn

%: no spellcasting, reflection
@: studying 5 skills
A: permanent stasis, dig shafts and tunnels, antennae 3, four strong arms,
clumsy 1, deterioration 2, frail 2, low MP 2, screaming 2, weak 1, subdued magic
3, inability to drink after injury 2
0: Orb of Zot
}: 5/15 runes: silver, golden, obsidian, icy, gossamer
a: Dig, Shaft Self, Renounce Religion, Heroism, Finesse, Duel


You escaped.
You worshipped Okawaru.
Okawaru was exalted by your worship.
You visited 14 branches of the dungeon, and saw 64 of its levels.
You completed 1 ziggurat, and saw 27 of its levels.
You also visited: Gauntlet and Wizlab.

You collected 13216 gold pieces.
You spent 3316 gold pieces at shops.

Inventory:

Hand Weapons
 d - the +6 Majin-Bo {spellvamp, MP+6 Int+6}
   (You found it on level 8 of a ziggurat)

   Int:       It affects your intelligence (+6).
   MP:        It affects your magic capacity (+6).
 f - the +8 battleaxe of Immorality (weapon) {spect, Drain rN+ Will++ Int+2}
   (Okawaru gifted it to you on level 1 of the Tomb of the Ancients)

   Int:       It affects your intelligence (+2).
   rN:        It protects you from negative energy.
   Drain:     It drains your maximum health when unequipped.
   Will:      It greatly increases your willpower.
 k - the +4 broad axe "Hot Loj" {flame, Str+4}
   (You bought it in a shop on level 2 of the Depths)

   Str:       It affects your strength (+4).
 m - the +8 great mace "Duinec" {venom, rF+ rC+ rN+}
   (You found it on level 26 of a ziggurat)

   rF:        It protects you from fire.
   rC:        It protects you from cold.
   rN:        It protects you from negative energy.
 r - the +7 war axe of Conflict {vamp, rF+ rC+ Dex+3}
   (Okawaru gifted it to you on level 27 of a ziggurat)

   Dex:       It affects your dexterity (+3).
   rF:        It protects you from fire.
   rC:        It protects you from cold.
 w - the +7 great mace "Undeadhunter" {deathbane, rN+}
   (You found it on level 26 of a ziggurat)

   rN:        It protects you from negative energy.
 B - the +8 long sword of Okawaru, Hurling {heavy, Str+3 Int+4}
   (You found it on level 3 of the Tomb of the Ancients)

   Str:       It affects your strength (+3).
   Int:       It affects your intelligence (+4).
 C - a +9 antimagic demon blade
 D - the +12 Maxwell's thermic engine {flame, freeze, rev}
   (You took it off Antaeus on level 7 of Cocytus)
 I - a +7 antimagic double sword
 K - the +9 executioner's axe of Iganwe {venom, *Corrode Dex+3 SInv}
   (Okawaru gifted it to you on level 2 of Gehenna)

   Dex:       It affects your dexterity (+3).
   SInv:      It lets you see invisible.
   *Corrode:  It may corrode you when you take damage.
 L - the +1 glaive of Huklug {spect, Fly rF+ Will- SInv}
   (You found it on level 25 of a ziggurat)

   rF:        It protects you from fire.
   SInv:      It lets you see invisible.
   Fly:       It grants you flight.
   Will:      It decreases your willpower.
 M - a +9 battleaxe of draining
 Q - the +7 long sword of Exoneration {pain, rPois rN+ Str+3}
   (You found it on level 15 of the Dungeon)

   Str:       It affects your strength (+3).
   rPois:     It protects you from poison.
   rN:        It protects you from negative energy.
 R - the +6 halberd of the Doomed Warrior {antimagic, Will+ Stlth+}
   (You took it off a minotaur in a Gauntlet)

   Will:      It increases your willpower.
   Stlth:     It makes you more stealthy.
 S - the +2 long sword of Qeod {drain, Str+2}
   (You found it in a Gauntlet)

   Str:       It affects your strength (+2).
 T - the +13 sceptre of Asmodeus
   (You took it off Asmodeus on level 7 of Gehenna)

   Fire Summon: It may summon demons of flame and damnation when striking foes.
 V - the +9 battleaxe "Ytixui" {elec, Str+4}
   (You bought it in a shop on level 3 of the Vaults)

   Str:       It affects your strength (+4).
 X - the +1 hand axe of the Conjuring Queen {drain, rElec rC+++ Will- rCorr}
   (You bought it in a shop on level 2 of the Depths)

   rC:        It renders you almost immune to cold.
   rElec:     It insulates you from electricity.
   rCorr:     It protects you from acid and corrosion.
   Will:      It decreases your willpower.
 Y - a +7 executioner's axe of venom
 Z - the +8 mithril axe "Arga" {speed, Will+}
   (You found it on level 19 of a ziggurat)

   Will:      It increases your willpower.
Armour
 b - the +1 cloak of Starlight (worn) {*Dazzle EV+4 Stlth--}
   (You found it in a Gauntlet)

   *Dazzle:   It may blind those who miss an attack against the wearer in melee
   combat.
   EV:        It affects your evasion (+4).
   Stlth:     It makes you much less stealthy.
 e - a +8 tower shield of protection (worn)
 g - the +0 toga "Victory" {*Victory Clar}
   (You found it on level 3 of the Tomb of the Ancients)

   *Victory:  When the wearer kills a threatening monster, it has a chance to
   gain +1 AC, +1 Slay, and +1 Int, capping at +7.
   When the wearer uses a scroll or a potion with a hostile monster in sight,
   its bonuses reset to +0.
   Unequipping it also resets its bonuses to +0.
   Clar:      It protects you from confusion, rage, mesmerisation and fear.
 h - the +1 pair of boots of Awe (worn) {Will+}
   (You acquired it on level 5 of the Vaults)

   Will:      It increases your willpower.
 o - the +0 ice dragon scales "Luryimm" {rF- rC++ Regen+}
   (You found it on level 11 of a ziggurat)

   rF:        It makes you vulnerable to fire.
   rC:        It greatly protects you from cold.
   Regen:     It increases your rate of health regeneration.
 p - the +6 shadow dragon scales of Piom {rPois rC+ Str+3 Stlth++++}
   (You bought it in a shop on level 15 of the Dungeon)

   Str:       It affects your strength (+3).
   rC:        It protects you from cold.
   rPois:     It protects you from poison.
   Stlth:     It makes you much more stealthy.
 q - the +15 Maxwell's patent armour (worn) {-Cast -Tele rElec Will+ rCorr}
   (Okawaru gifted it to you on level 3 of the Swamp)

   rElec:     It insulates you from electricity.
   -Cast:     It prevents spellcasting.
   -Tele:     It prevents most forms of teleportation.
   rCorr:     It protects you from acid and corrosion.
   Will:      It increases your willpower.
 y - +3 gold dragon scales
 G - the +1 pair of boots of Okawaru's Indignation {Str+2}
   (Okawaru gifted it to you on level 6 of a ziggurat)

   Str:       It affects your strength (+2).
 N - the +2 pair of gloves "Caniuzia" (worn) {rN++ Will++ Dex-2}
   (You acquired it on level 13 of the Dungeon)

   Dex:       It affects your dexterity (-2).
   rN:        It greatly protects you from negative energy.
   Will:      It greatly increases your willpower.
 O - the +0 crystal plate armour of Caofur {+Inv rCorr Str+2}
   (You found it on level 26 of a ziggurat)

   Str:       It affects your strength (+2).
   +Inv:      It lets you turn invisible.
   rCorr:     It protects you from acid and corrosion.
 P - +4 storm dragon scales {Bai Suzhen}
 W - the +7 tower shield "Ceimual" {Int+3 Dex+4}
   (Okawaru gifted it to you on level 4 of the Realm of Zot)

   Int:       It affects your intelligence (+3).
   Dex:       It affects your dexterity (+4).
Jewellery
 a - the ring of the Hero {rF+ rN+ Str+3 Slay+3}
   (You found it on level 24 of a ziggurat)

   [ring of protection from fire]

   Str:       It affects your strength (+3).
   Slay:      It affects your accuracy & damage with ranged weapons and melee
   (+3).
   rF:        It protects you from fire.
   rN:        It protects you from negative energy.
 j - the ring "Baeraus" (right hand) {MP+9 Str+2 Int+2 SInv}
   (You found it in a Gauntlet)

   [ring of see invisible]

   Str:       It affects your strength (+2).
   Int:       It affects your intelligence (+2).
   MP:        It affects your magic capacity (+9).
   SInv:      It lets you see invisible.
 l - the ring of Hixao (left hand) {rElec rF+ rCorr Str+5 Stlth+}
   (You found it on level 22 of a ziggurat)

   [ring of resist corrosion]

   Str:       It affects your strength (+5).
   rF:        It protects you from fire.
   rElec:     It insulates you from electricity.
   rCorr:     It protects you from acid and corrosion.
   Stlth:     It makes you more stealthy.
 z - the amulet "Zuovutah" {RegenMP rPois Str+5 Int-2 Stlth+}
   (You found it on level 3 of the Tomb of the Ancients)

   [amulet of magic regeneration]

   It increases your rate of magic regeneration.
   Str:       It affects your strength (+5).
   Int:       It affects your intelligence (-2).
   rPois:     It protects you from poison.
   Stlth:     It makes you more stealthy.
 A - the amulet "Xeph" {Spirit rN+++ Int-2 Dex+5 Stlth+}
   (You found it on level 18 of a ziggurat)

   [amulet of guardian spirit]

   It causes incoming damage to be divided between your reserves of health and
   magic.
   Int:       It affects your intelligence (-2).
   Dex:       It affects your dexterity (+5).
   rN:        It renders you almost immune to negative energy.
   Stlth:     It makes you more stealthy.
 F - the amulet of Cowardice (around neck) {Reflect Will+ Regen+ SH+5}
   (You found it on level 8 of the Dungeon)

   [amulet of reflection]

   It reflects blocked missile attacks.
   Regen:     It increases your rate of health regeneration.
   SH:        It affects your SH (+5).
   Will:      It increases your willpower.
 H - the ring "Dick" {Will+ Dex+6}
   (You found it on level 7 of Cocytus)

   [ring of willpower]

   Dex:       It affects your dexterity (+6).
   Will:      It increases your willpower.
 J - the amulet of Asodd {Reflect Fly SH+5}
   (You found it on level 3 of the Tomb of the Ancients)

   [amulet of reflection]

   It reflects blocked missile attacks.
   Fly:       It grants you flight.
   SH:        It affects your SH (+5).
Wands
 v - a wand of flame (277)
 x - a wand of light (115)
Scrolls
 u - 13 scrolls of immolation
 E - 25 scrolls of magic mapping
Potions
 n - 24 potions of curing (quivered)
Miscellaneous
 c - a lightning rod (4/4)
 i - 2 +1 figurines of a ziggurat
 s - the horn of Geryon
 t - a condenser vane
 U - a phial of floods


   Skills:
 O Level 27 Fighting
 O Level 27 Short Blades
 - Level 9.3(19.9) Long Blades
 O Level 27 Axes
 O Level 27 Armour
 O Level 27 Dodging
 - Level 3.2 Stealth
 + Level 25.2 Shields
 - Level 9.2 Spellcasting
 - Level 7.3 Necromancy
 O Level 27 Evocations


You had 44 spell levels left.
You didn't know any spells.
Your spell library contained the following spells:

 Spells                   Type           Power      Damage    Failure   Level
 Necrotise                Necr           56%        1d6       1%          1
 Sublimation of Blood     Necr           14%        N/A       1%          2
 Vampiric Draining        Necr           14%        2d7       1%          3
 Kiss of Death            Conj/Necr      32%        2d7       2%          1
 Dispel Undead            Necr           14%        3d10      8%          4
 Cigotuvi's Dreadful Rot  Necr/Pois/Air  14%        N/A       9%          2
 Apportation              Tloc           6%         N/A       17%         1
 Beastly Appendage        Tmut           6%         N/A       17%         1
 Foxfire                  Conj/Fire      12%        2x1d4     17%         1
 Freeze                   Ice            12%        1d3       17%         1
 Magic Dart               Conj           12%        1d3       17%         1
 Sandblast                Erth           6%         2d5       17%         1
 Shock                    Conj/Air       12%        1d3       17%         1
 Slow                     Hex            12%        N/A       17%         1
 Sting                    Tmut/Pois      12%        1d3       17%         1
 Agony                    Necr           14%        N/A       24%         5
 Ensorcelled Hibernation  Hex/Ice        6%         N/A       26%         2
 Passwall                 Tmut/Erth      2%         N/A       26%         2
 Poisonous Vapours        Pois/Air       6%         N/A       26%         2
 Scorch                   Fire           6%         2d5       26%         2
 Searing Ray              Conj           6%         2d4       26%         2
 Static Discharge         Conj/Air       6%         2-3/arc   26%         2
 Wereblood                Tmut           3%         N/A       26%         2
 Anguish                  Hex/Necr       4%         N/A       38%         4
 Confusing Touch          Hex            3%         N/A       50%         3
 Dazzling Flash           Conj/Hex       6%         N/A       50%         3
 Frozen Ramparts          Ice            6%         1d1       50%         3
 Gell's Gravitas          Tloc           3%         N/A       50%         3
 Hailstorm                Conj/Ice       3%         3d3       50%         3
 Ignite Poison            Fire/Tmut/Pois 3%         N/A       50%         3
 Inner Flame              Hex/Fire       3%         N/A       50%         3
 Mephitic Cloud           Conj/Pois/Air  3%         N/A       50%         3
 Ozocubu's Armour         Ice            3%         N/A       50%         3
 Portal Projectile        Hex/Tloc       6%         N/A       50%         3
 Spider Form              Tmut/Pois      3%         N/A       50%         3
 Stone Arrow              Conj/Erth      6%         3d7       50%         3
 Teleport Other           Tloc           3%         N/A       50%         3
 Borgnjor's Vile Clutch   Necr/Erth      4%         N/A       77%         5
 Airstrike                Air            1%         2d(1-17)  90%         4
 Cause Fear               Hex            1%         N/A       90%         4
 Flame Wave               Conj/Fire      3%         2d5       90%         4
 Fulminant Prism          Conj/Hex       1%         3d5       90%         4
 Ice Form                 Ice/Tmut       3%         N/A       90%         4
 Leda's Liquefaction      Hex/Erth       1%         N/A       90%         4
 Manifold Assault         Tloc           3%         N/A       90%         4
 Olgreb's Toxic Radiance  Pois           3%         N/A       90%         4
 Passage of Golubria      Tloc           3%         N/A       90%         4
 Petrify                  Tmut/Erth      3%         N/A       90%         4
 Sticky Flame             Conj/Fire      3%         2d3       90%         4
 Alistair's Intoxication  Tmut/Pois      2%         N/A       99%         5
 Arcjolt                  Conj/Air       1%         1d11      99%         5
 Blade Hands              Tmut           1%         N/A       99%         5
 Fireball                 Conj/Fire      1%         3d3       99%         5
 Freezing Cloud           Conj/Ice/Air   1%         6-21      99%         5
 Irradiate                Conj/Tmut      1%         3d12      99%         5
 Iskenderun's Battlesphe  Conj           3%         2d6       99%         5
 Lee's Rapid Deconstruct  Erth           1%         3d4*      99%         5
 Metabolic Englaciation   Hex/Ice        1%         N/A       99%         5
 Silence                  Hex/Air        1%         N/A       99%         5
 Yara's Violent Unravell  Hex/Tmut       1%         3d3       99%         5
 Conjure Ball Lightning   Conj/Air       1%         3x3d6     100%        6
 Dispersal                Tloc           1%         N/A       100%        6
 Eringya's Noxious Bog    Tmut/Pois      1%         N/A       100%        6
 Iron Shot                Conj/Erth      1%         9d1       100%        6
 Plasma Beam              Fire/Air       1%         2x1d12    100%        6
 Starburst                Conj/Fire      1%         6d3       100%        6
 Statue Form              Tmut/Erth      2%         N/A       100%        6
 Dragon Form              Tmut           1%         N/A       100%        7
 Enfeeble                 Hex            1%         N/A       100%        7
 Orb of Destruction       Conj           1%         9d5       100%        7
 Ozocubu's Refrigeration  Ice            1%         4d7       100%        7
 Storm Form               Tmut/Air       1%         N/A       100%        7
 Borgnjor's Revivificati  Necr           7%         N/A       100%        8
 Discord                  Hex            1%         N/A       100%        8
 Disjunction              Tloc           1%         N/A       100%        8
 Ignition                 Fire           1%         3d3       100%        8
 Lehudib's Crystal Spear  Conj/Erth      1%         10d2      100%        8
 Necromutation            Tmut/Necr      4%         N/A       100%        8
 Death's Door             Necr           7%         N/A       100%        9
 Polar Vortex             Ice            1%         N/A       100%        9
 Animate Dead             Necr           Unusable   N/A       N/A         4
 Summon Small Mammal      Summ           Unusable   N/A       N/A         1
 Blink                    Tloc           Unusable   N/A       N/A         2
 Call Imp                 Summ           Unusable   N/A       N/A         2
 Call Canine Familiar     Summ           Unusable   N/A       N/A         3
 Swiftness                Air            Unusable   N/A       N/A         3
 Tukima's Dance           Hex            Unusable   N/A       N/A         3
 Vhi's Electric Charge    Tloc/Air       Unusable   N/A       N/A         3
 Death Channel            Necr           Unusable   N/A       N/A         6
 Animate Armour           Summ/Erth      Unusable   N/A       N/A         4
 Summon Ice Beast         Ice/Summ       Unusable   N/A       N/A         4
 Summon Lightning Spire   Summ/Air       Unusable   N/A       N/A         4
 Simulacrum               Ice/Necr       Unusable   N/A       N/A         6
 Summon Cactus Giant      Summ           Unusable   N/A       N/A         6
 Summon Hydra             Summ           Unusable   N/A       N/A         7
 Dragon's Call            Summ           Unusable   N/A       N/A         9

Dungeon Overview and Level Annotations

Branches:
Dungeon (15/15)            Temple (1/1) D:7            Lair (5/5) D:11
  Swamp (3/4) Lair:3       Spider (4/4) Lair:3        Slime (0/5) Lair:4
    Orc (1/2) D:10         Vaults (5/5) D:14          Crypt (3/3) Vaults:2
   Tomb (3/3) Crypt:3      Depths (4/4) D:15           Hell (visited)
    Dis (0/7) Hell            Geh (7/7) Hell            Coc (7/7) Hell
    Tar (0/7) Hell            Zot (5/5) Depths:4     WizLab (visited)
Gauntlet (visited)

Altars:
Ashenzari
Cheibriados
Dithmenos
Elyvilon
Fedhas
Gozag
Hepliaklqana
Kikubaaqudgha
Makhleb
Nemelex Xobeh
Okawaru
Qazlal
Ru
Sif Muna
Trog
Uskayaw
Vehumet
Wu Jian
Xom
Yredelemnul
Zin
The Shining One
Jiyva

Shops:
D:15 [   Vaults:3 =(([[   Depths:1 [   Depths:2 ??:(   Depths:3 :

Portals:
Hell: Depths:1 Depths:2 Depths:3 Depths:4
Abyss: Depths:3
Pandemonium: Depths:2
Trove: D:12 (show abyssal rune of Zot)

Annotations:
D:8 2 transporters
Swamp:1 3 runed translucent doors, Maxmaps's ghost, adept FoHu
Coc:7 exclusion: ice statue


Innate Abilities, Weirdness & Mutations

You cannot be hasted, slowed, berserked, paralysed or teleported.
You can dig through walls and to a lower floor.
You have a pair of large antennae on your head. (SInv)
Your four strong arms can wield two-handed weapons with a shield.
You are clumsy. (Dex -2)
Your body often deteriorates upon taking damage.
You are very frail. (-20% HP)
Your magical capacity is very low. (-20% MP)
You frequently scream uncontrollably at your foes.
You are weak. (Str -2)
Your spells are much easier to cast, but much less powerful.
You sometimes lose the ability to drink potions when taking damage.


Message History

You feel your intelligence returning.
Your Shields skill increases to level 25!
Unknown command.
You can drink potions again.
u - 13 scrolls of immolation (gained 1)
You open the door. 2 sun demons come into view.
There is an open door here.
A balrug comes into view.
It is wielding a +0 vampiric demon whip.
The sun demon shouts! x2
Unknown command.
You slice the sun demon!!
The sun demon is heavily wounded.
You slice the sun demon like a ripe choko!!!
Your +8 battleaxe of Immorality {spect, Drain rN+ Will++ Int+2} closely misses the sun demon. x2
You block the sun demon's attack. x2
Unknown command.
You closely miss the sun demon.
The sun demon is heavily wounded.
You slice the sun demon!!
You kill the sun demon!
Okawaru accepts your kill.
Your +8 battleaxe of Immorality {spect, Drain rN+ Will++ Int+2} hits the sun demon!!!
You kill the sun demon!
Okawaru accepts your kill.
You closely miss the balrug.
Your +8 battleaxe of Immorality {spect, Drain rN+ Will++ Int+2} hits the balrug!!!
Unknown command.
You miss the balrug.
The balrug is heavily wounded.
Your +8 battleaxe of Immorality {spect, Drain rN+ Will++ Int+2} hits the balrug!!!
You kill the balrug!
Okawaru accepts your kill.
Unknown command.
Your +8 battleaxe of Immorality {spect, Drain rN+ Will++ Int+2} disappears.
You see here a +0 vampiric demon whip.
Unknown command.
Unknown command.
There is a staircase leading out of the dungeon here.
You have escaped!

#.# #. #.# #. ########.# #.
.........# #. ######.### ######
##( ########.#8.# ######..
#..........###### #......#
#####8..8..8...#....# #.#.....
###...'...).....@####.####.#.####
##..###8..8..8...# #.#.........#
##.####..........# ##.#.##......#
......#######.#8.###.#..##.###..#
.##.#.......#'####..###....# #..#
8.8.#......##.# ###.#.###.###..#
...8#####.###.# ##.## #......#
....# #.###.#######.# #....#..
....# #...#.#.......# ####.##.


There were no monsters in sight!

Vanquished Creatures
  Antaeus (Coc:7)
  Asmodeus (Geh:7)
  A seraph (Depths:3)
  the Serpent of Hell (Coc:7)
  9 dread liches
  14 ancient liches
  8 orbs of fire
  16 juggernauts
  6 pandemonium lords
  Josephina (Crypt:2)
  39 royal mummies
  7 Killer Klowns
  Frederick (Vaults:4)
  Bai Suzhen (Vaults:4)
  Geryon (Hell)
  28 shard shrikes
  A caustic shrike (shapeshifter) (Zig:10)
  2 curse toes
  29 golden dragons
  Nikola (Swamp:3)
  Jory (Vaults:4)
  6 bone dragons
  A mutant beast (WizLab)
  Arachne (Spider:4)
  2 Tzitzimimeh (Zot:5)
  5 electric golems
  3 doom hounds (Zot:3)
  The ghost of Joiny the Slayer, a veteran GrGl of Hepliaklqana (Depths:3)
  12 Brimstone Fiends
  22 tentacled monstrosities
  2 shard shrike skeletons (Crypt:3)
  2 Hell Sentinels
  Mlioglotl (Swamp:2)
  21 hellephants
  Grunn (Zot:3)
  20 Ice Fiends
  32 Orb Guardians
  8 liches
  8 quicksilver dragons
  7 acid blobs (Zig:25)
  Murray (Hell)
  21 searing wretches
  2 deep elf blademasters (Zig:7)
  25 titans
  9 deep elf master archers (Zig:22)
  An Executioner (Zot:5)
  20 ancient champions
  8 death cobs
  Agnes (Spider:4)
  15 sphinxes
  Frances (D:14)
  11 tengu reavers
  9 shadow dragons
  10 draconian monks
  2 thorn hunters
  Donald (Vaults:4)
  Kirke (D:14)
  13 azure jellies
  28 fire giants
  19 storm dragons
  15 nagarajas
  6 iron dragons
  17 narguns
  7 rockslimes (Zig:25)
  4 revenants
  5 draconian knights
  20 ghost moths
  16 frost giants
  A deep elf sorcerer (Zig:17)
  8 emperor scorpions
  17 balrugs
  16 orc warlords
  7 draconian scorchers
  16 vault wardens
  An angel (Depths:3)
  13 draconian shifters
  27 ironbound preservers
  A juggernaut zombie (Crypt:2)
  3 curse skulls
  9 shard shrike simulacra
  5 quicksilver oozes (Zig:25)
  10 draconian annihilators
  7 reapers
  4 cacodemons
  2 caustic shrike zombies
  3 spriggan defenders
  30 very ugly things
  10 ghouls
  2 broodmothers
  38 stone giants
  4 demonspawn blood saints
  A demonspawn corrupter (Zig:6)
  9 war gargoyles
  7 draconian stormcallers
  19 elemental wellsprings
  2 deep elf demonologists
  6 ironbound thunderhulks
  Nessos (D:14)
  7 caustic shrike skeletons
  An eleionoma (shapeshifter) (Vaults:5)
  5 lorocyprocas
  16 white draconians
  12 green draconians
  7 eleionomae
  19 black draconians
  11 vampire knights
  5 deep elf annihilators
  A demonspawn black sun (Zig:21)
  5 spark wasps
  15 purple draconians
  13 wendigos
  12 bennus
  14 red draconians
  4 bunyips
  A minotaur (Gauntlet)
  15 yellow draconians
  27 dire elephants
  3 blizzard demons
  8 eidola
  19 ettins
  33 mummy priests
  17 jiangshi
  6 shambling mangroves (Zig:27)
  16 green deaths (Zig:27)
  6 deep elf death magi
  14 merfolk javelineers
  A quicksilver dragon zombie (Tomb:2)
  17 fire dragons
  2 crystal guardians (Vaults:3)
  27 yaktaur captains
  12 entropy weavers
  A quicksilver dragon skeleton (Crypt:3)
  7 deep elf high priests
  8 great orbs of eyes
  29 vault guards
  9 spriggan zombies
  23 ice dragons
  17 hydras
  7 ogre magi
  3 peacekeepers
  8 caustic shrike simulacra
  11 centaur warriors
  3 spriggan skeletons
  9 ironbound frosthearts
  3 juggernaut simulacra
  7 death knights
  8 spriggan air magi
  15 salamander tyrants
  4 anacondas
  2 catoblepae
  7 stokers
  6 jorogumos
  3 alligator snapping turtles (Zig:21)
  An anaconda (shapeshifter) (WizLab)
  7 merfolk aquamancers
  6 dancing weapons
  11 boulder beetles
  8 two-headed ogres
  9 death yaks
  4 satyrs (Zig:22)
  4 radroaches
  Erica (Lair:2)
  8 alligators
  7 deep troll shamans
  3 naga warriors
  7 tengu warriors
  7 deep troll earth magi
  77 death scarabs
  60 hell hogs
  A spectral dire elephant (Lair:5)
  A thrashing horror (Zig:3)
  8 spriggan berserkers
  5 shock serpents
  5 hell knights
  Nergalle (D:10)
  8 naga sharpshooters
  30 orc high priests
  12 vampire magi
  A deep elf knight (D:14)
  9 soul eaters
  14 sun demons
  4 titan skeletons
  15 iron trolls
  2 spectral death yaks (Lair:5)
  2 skysharks (Lair:3)
  6 goliath frogs
  2 salamander mystics
  30 skeletal warriors
  4 spark wasp zombies (Depths:2)
  9 pharaoh ants
  7 sixfirhies
  2 shadow wraiths (Zig:18)
  11 glowing orange brains
  2 death drakes (shapeshifter)
  3 sun moths
  2 naga ritualists (Zig:12)
  A storm dragon skeleton (Zig:11)
  An orb spider (shapeshifter) (Vaults:5)
  18 death drakes
  17 flayed ghosts
  A sea snake (Zig:21)
  4 spriggan simulacra
  7 quicksilver dragon simulacra
  2 swamp dragons (shapeshifter)
  A cherub (Depths:3)
  18 orb spiders
  5 golden dragon zombies (Depths:2)
  A shadow demon (Zot:5)
  A spectral anaconda (Lair:5)
  17 swamp dragons
  5 spriggan druids
  2 obsidian statues
  7 bog bodies
  A shadow dragon zombie (Depths:2)
  57 deep trolls
  3 tengu zombies
  2 golden dragon skeletons
  A steelbarb worm (shapeshifter) (Zig:26)
  12 necromancers
  18 orc knights
  An iron giant skeleton (Crypt:1)
  6 lindwurms
  2 anaconda skeletons
  9 steelbarb worms
  An orange crystal statue (Vaults:2)
  14 phantasmal warriors
  21 ironbound convokers
  12 wizards
  4 harpies
  A harpy (shapeshifter) (WizLab)
  A frost giant zombie (Crypt:3)
  9 shining eyes
  A shining eye (shapeshifter) (Depths:1)
  14 cyclopes
  An oklob plant (Gauntlet)
  6 fauns (Zig:22)
  A faun (shapeshifter) (WizLab)
  51 ugly things
  4 deep elf zephyrmancers
  An iron dragon zombie (Depths:2)
  A mana viper (shapeshifter) (Zig:9)
  33 wolf spiders
  A salamander (shapeshifter) (Zig:19)
  7 deep elf pyromancers
  4 will-o-the-wisps
  A sphinx skeleton (Zig:13)
  2 salamanders (Zig:12)
  6 elephants
  41 moths of wrath
  A manticore (shapeshifter) (WizLab)
  26 orc sorcerers
  A centaur zombie (Hell)
  3 moths of wrath (shapeshifter)
  A cyclops (shapeshifter) (Vaults:5)
  4 manticores
  3 human zombies
  A fire giant zombie (Depths:2)
  5 naga magi
  2 black mambas (shapeshifter) (WizLab)
  A fire giant skeleton (Zig:11)
  7 guardian serpents
  An eye of devastation (shapeshifter) (Zig:9)
  18 vault sentinels
  A dire elephant zombie (Lair:5)
  Joseph (D:10)
  4 smoke demons
  5 torpor snails
  14 black mambas
  7 rust devils (Hell)
  3 cane toads (shapeshifter)
  An ice statue (Coc:7)
  2 titan simulacra
  2 naga skeletons
  3 dire elephant skeletons
  18 cane toads
  9 demonic crawlers
  3 storm dragon simulacra
  5 orange demons
  4 centaur skeletons
  15 hellions
  16 yaktaurs
  A minotaur zombie (Hell)
  4 eyes of devastation (Zig:25)
  5 unseen horrors
  A red draconian zombie (Crypt:2)
  An unseen horror (shapeshifter) (WizLab)
  10 rime drakes
  A kobold demonologist (D:6)
  2 gargoyles
  The ghost of themarg the Caller, a novice MfSu (D:4)
  4 tormentors
  55 guardian mummies
  A yaktaur (shapeshifter) (WizLab)
  17 komodo dragons
  2 alligator snapping turtle skeletons (Crypt:3)
  3 anaconda simulacra
  A death yak skeleton (Crypt:2)
  4 efreet
  15 freezing wraiths
  2 rime drakes (shapeshifter)
  A golden dragon simulacrum (Coc:7)
  3 ice devils
  3 iron giant simulacra
  An unseen horror skeleton (Crypt:1)
  8 tengu conjurers
  A pale draconian skeleton (Crypt:1)
  A queen bee (Spider:1)
  8 tyrant leeches
  3 harpy zombies
  A merfolk (shapeshifter) (Zig:9)
  A merfolk (Zig:21)
  11 trolls
  A shadow dragon simulacrum (Coc:1)
  A queen bee (shapeshifter) (WizLab)
  A bloated husk (Zig:21)
  2 wind drakes (Zig:15)
  5 hellwings
  12 hornets
  16 meliai
  A tarantella (shapeshifter) (WizLab)
  A hydra skeleton (Crypt:2)
  37 tarantellas
  A hornet (shapeshifter) (WizLab)
  A polar bear (Lair:5)
  2 harpy skeletons (Crypt:3)
  11 dream sheep
  A raiju (Zot:2)
  12 blink frogs
  A raiju (shapeshifter) (Zig:26)
  2 sphinx simulacra (Vaults:3)
  An ettin zombie (Crypt:1)
  A boulder beetle zombie (Crypt:3)
  5 stone giant simulacra
  26 jumping spiders
  2 air elementals (Zig:7)
  An ice dragon skeleton (Crypt:3)
  Sigmund (D:4)
  A centaur simulacrum (Coc:2)
  24 culicivoras
  20 flying skulls
  23 slime creatures
  2 spriggans (shapeshifter)
  15 water elementals
  2 shadows
  A yak (shapeshifter) (WizLab)
  13 spriggans
  A jumping spider (shapeshifter) (WizLab)
  11 wyverns
  2 vampires
  52 yaks
  8 wraiths
  2 dire elephant simulacra
  2 black mamba skeletons
  10 ushabtiu
  Eustachio (D:4)
  2 ettin skeletons
  9 basilisks
  3 fire elementals (Zig:5)
  5 hogs (D:14)
  A human (WizLab)
  3 golden eyes (shapeshifter)
  6 chaos spawn
  2 steam dragons
  An alligator snapping turtle simulacrum (Coc:2)
  2 golden eyes (Zig:25)
  A redback (shapeshifter) (Depths:1)
  4 vampire mosquitoes
  39 redbacks
  A death yak simulacrum (Lair:5)
  12 large abominations
  2 neqoxecs
  A yaktaur simulacrum (Vaults:3)
  A warg (shapeshifter) (Zig:19)
  An iron golem (WizLab)
  A faun zombie (Crypt:1)
  6 nagas
  10 harpy simulacra
  4 glowing shapeshifter zombies
  2 demonspawn zombies (Crypt:1)
  A fire bat zombie (Crypt:2)
  12 swamp worms
  8 wargs
  7 acid dragons
  2 hydra simulacra
  A two-headed ogre skeleton (Crypt:3)
  14 small abominations
  A glowing shapeshifter skeleton (Zig:11)
  12 water moccasins
  2 sky beasts
  A floating eye (shapeshifter) (Zig:9)
  A faun skeleton (Crypt:1)
  10 floating eyes
  2 swamp drakes
  An ice beast (D:5)
  2 black bears
  81 orc warriors
  6 ettin simulacra
  A sky beast (shapeshifter) (WizLab)
  A black bear (shapeshifter) (D:9)
  An ice beast (shapeshifter) (Zig:26)
  2 black mamba simulacra (Coc:1)
  A tengu (shapeshifter) (WizLab)
  A lindwurm zombie (Crypt:1)
  31 ogres
  6 boggarts
  12 wolves
  4 centaurs
  4 phantoms
  5 kobold brigands
  Blork the orc (D:6)
  A rime drake skeleton (Crypt:2)
  4 gnoll sergeants
  A yaktaur zombie (Crypt:1)
  11 bullfrogs
  9 necrophages
  3 scorpions
  A draconian zombie (Crypt:3)
  3 cane toad simulacra (Lair:5)
  2 naga simulacra
  26 wights
  A troll zombie (D:10)
  3 elephant simulacra (Lair:5)
  A raiju zombie (Crypt:2)
  23 killer bees
  A warg skeleton (Crypt:3)
  3 howler monkeys
  3 quasits (D:4)
  3 hounds
  7 jellies
  24 orc priests
  2 sleepcaps
  2 gnoll boudas (D:7)
  12 iguanas
  30 orc wizards
  13 hell rats
  5 lightning spires (Zot:2)
  A boggart skeleton (D:14)
  An ice beast zombie (Crypt:3)
  A deep dwarf zombie (Crypt:1)
  7 ogre zombies (D:10)
  61 mummies
  Robin (D:4)
  20 gnolls
  5 adders
  A steam dragon skeleton (Crypt:1)
  A shadow imp (Gauntlet)
  5 white imps
  6 worms
  A dart slug (D:3)
  55 orcs
  6 ball pythons
  6 endoplasms
  5 giant cockroaches
  17 goblins
  11 hobgoblins
  4 jackals (D:1)
  2 quokkas
  9 bats
  3 frilled lizards
  A goblin skeleton (D:10)
  A goblin zombie (D:10)
  4 hobgoblin zombies
  18 kobolds
  5 orc skeletons (D:10)
  15 orc zombies (D:10)
  11 rats
  11 briar patches
  4 creeping infernos
  38 fire vortices
  2 spectral weapons (Swamp:2)
  A starspawn tentacle (Swamp:2)
3907 creatures vanquished.

Vanquished Creatures (others)
  2 pandemonium lords
  2 shard shrikes (Coc:7)
  A Brimstone Fiend (Zot:2)
  A titan (Zig:26)
  A searing wretch (Geh:7)
  2 deep elf master archers (Zig:22)
  An eldritch tentacle (Zot:5)
  A nagaraja (Zig:21)
  A frost giant (Coc:7)
  A fire giant (Vaults:5)
  3 emperor scorpions
  The ghost of Jase the Severer, a journeyman HOFi of Beogh (Spider:3)
  A ghost moth (Zig:8)
  A draconian scorcher (Depths:4)
  2 draconian shifters
  A vault warden (Vaults:5)
  An orc warlord (Zig:24)
  An ironbound preserver (Zig:26)
  A reaper (Spider:3)
  An elemental wellspring (Coc:2)
  3 black draconians (Zot:2)
  A wendigo (Coc:7)
  A green death (Zot:5)
  2 yaktaur captains
  2 juggernaut simulacra (Coc:7)
  A peacekeeper (Vaults:3)
  A radroach (Spider:3)
  A spriggan air mage (Zig:17)
  A jorogumo (Spider:4)
  A hell beast (Zot:2)
  An ogre mage (Zig:17)
  A satyr (Zig:22)
  A stoker (Geh:6)
  A sea snake (Zig:21)
  A quicksilver dragon simulacrum (Coc:7)
  A wizard (Vaults:2)
  A spriggan simulacrum (Coc:7)
  A deep elf pyromancer (D:15)
  A wolf spider (Spider:3)
  A naga mage (Zig:17)
  A demonic crawler (Spider:3)
  A titan simulacrum (Coc:1)
  A rime drake (Zig:15)
  An anaconda simulacrum (Coc:4)
  3 bloated husks
  A hornet (Zig:27)
  A raiju (Zot:2)
  A jumping spider (Spider:3)
  A culicivora (Spider:3)
  A water elemental (Zig:5)
  4 naga simulacra
  3 harpy simulacra
  An acid dragon (Zig:15)
  A floating eye (Zig:25)
  2 swamp drakes (Zig:15)
  An orc warrior (Zig:23)
  3 ettin simulacra
  A fire dragon simulacrum (Crypt:2)
  2 small abominations
  A white imp (Depths:1)
  A kobold (D:14)
  5 ball lightnings (Zot:2)
  A briar patch (Swamp:3)
  A bush (Lair:3)
  6 creeping infernos
  4 fire vortices
  22 foxfires
  36 fungi
  64 plants
  240 spectral weapons
  3 starspawn tentacles (Swamp:2)
  20 withered plants (Lair:5)
484 creatures vanquished.

Grand Total: 4391 creatures vanquished

Notes
Turn   | Place    | Note
-------+----------+-------------------------------------------
     0 | D:1      | GigaChad the Formicid Fighter began the quest for the Orb.
     0 | D:1      | Reached XP level 1. HP: 18/18 MP: 1/1
    87 | D:1      | Reached XP level 2. HP: 15/24 MP: 2/2
   320 | D:1      | Reached XP level 3. HP: 29/30 MP: 3/3
   366 | D:1      | Upgraded the game from 0.30-a0-1116-gebefce21f7 to
                  | 0.30-a0-1157-g2cc9ac7196
   769 | D:1      | Found a faded altar of an unknown god.
   997 | D:2      | Upgraded the game from 0.30-a0-1157-g2cc9ac7196 to
                  | 0.30-a0-1161-g0704695555
  1096 | D:2      | Reached XP level 4. HP: 37/37 MP: 4/4
  1766 | D:3      | Reached XP level 5. HP: 9/42 MP: 5/5
  2696 | D:4      | Noticed a black bear
  2702 | D:4      | Killed a black bear
  2703 | D:4      | Reached XP level 6. HP: 41/49 MP: 6/6
  2732 | D:4      | Found a transporter.
  2734 | D:4      | Noticed themarg's ghost (novice MfSu)
  2745 | D:4      | Entered explore mode.
  2800 | D:4      | Noticed Robin
  2813 | D:4      | Killed Robin
  3150 | D:4      | Found a transporter.
  3175 | D:4      | Reached XP level 7. HP: 22/55 MP: 7/7
  3176 | D:4      | Reached skill level 1 in Dodging
  3179 | D:4      | HP: 2/55 [themarg's ghost (3)]
  3180 | D:4      | Slain by a river rat (2 damage)
                  | ... summoned by themarg's ghost
  3201 | D:4      | Killed themarg's ghost
  3202 | D:4      | Reached skill level 5 in Fighting
  3202 | D:4      | Reached skill level 5 in Axes
  3202 | D:4      | Reached skill level 5 in Armour
  3202 | D:4      | Reached skill level 5 in Shields
  3382 | D:4      | Noticed Sigmund
  3396 | D:4      | Killed Sigmund
  3397 | D:4      | Reached XP level 8. HP: 55/62 MP: 8/8
  3510 | D:4      | Slain by a gnoll sergeant
                  | ... wielding a +2 heavy spear
                  | (8 damage)
  3528 | D:4      | HP: 3/63 [gnoll/+0 spear[a gnoll sergeant] (3)]
  3531 | D:4      | HP: 1/63 [gnoll/+0 spear[a gnoll sergeant] (1)]
  3892 | D:4      | Noticed Eustachio
  3903 | D:4      | Killed Eustachio
  4297 | D:5      | Entered Level 5 of the Dungeon
  4305 | D:5      | Reached XP level 9. HP: 69/69 MP: 9/9
  4975 | D:6      | Noticed a kobold demonologist
  4983 | D:6      | Killed a kobold demonologist
  5090 | D:6      | Found an ancient bone altar of Kikubaaqudgha.
  5217 | D:6      | Found an opulent altar of Gozag.
  5218 | D:6      | Found a hazy altar of Hepliaklqana.
  5391 | D:6      | Noticed Blork the orc
  5404 | D:6      | Killed Blork the orc
  5664 | D:6      | Reached XP level 10. HP: 69/77 MP: 10/10
  5958 | D:7      | Found a staircase to the Ecumenical Temple.
  5970 | Temple   | Entered the Ecumenical Temple
  6019 | Temple   | Became a worshipper of Warmaster Okawaru
  6348 | D:7      | Reached skill level 10 in Axes
  6782 | D:8      | Noticed a gargoyle
  6785 | D:8      | Noticed a skeletal warrior
  6794 | D:8      | Noticed a catoblepas
  6834 | D:8      | HP: 1/79 [meliai/divine providence (11)]
  6836 | D:8      | Mangled by a gargoyle
                  | ... wielding a +0 flail
                  | (9 damage)
  6837 | D:8      | Killed a gargoyle
  6837 | D:8      | Reached * piety under Okawaru
  6867 | D:8      | HP: 2/79 [meliai/divine providence (6)]
  6867 | D:8      | Killed by divine providence
                  | ... invoked by a meliai
                  | (6 damage)
  6868 | D:8      | Killed a skeletal warrior
  6869 | D:8      | Reached skill level 1 in Stealth
  6887 | D:8      | Reached ** piety under Okawaru
  6897 | D:8      | Mangled by a catoblepas (11 damage)
                  | ... while petrified by a catoblepas
  6916 | D:8      | Killed by divine providence
                  | ... invoked by a meliai
                  | (8 damage)
                  | ... while petrified by a catoblepas
  6926 | D:8      | HP: 1/79 [meliai/divine providence (13)]
  6927 | D:8      | Slain by a catoblepas (2 damage)
  6937 | D:8      | Slain by a catoblepas (9 damage)
                  | ... while petrified by a catoblepas
  6956 | D:8      | Killed a catoblepas
  6966 | D:8      | HP: 1/80 [meliai/+0 hand axe (4)]
  6967 | D:8      | Slain by a meliai
                  | ... wielding a +0 hand axe
                  | (4 damage)
                  | ... while petrified
  6969 | D:8      | Reached *** piety under Okawaru
  6970 | D:8      | Reached XP level 11. HP: 76/86 MP: 11/11
  7204 | D:8      | Identified the amulet of Cowardice {Reflect Will+ Regen+
                  | SH+5}
  7213 | D:8      | Identified the +10 rapier of Neurosis {drain, Int+3}
  7276 | D:8      | Found a transporter.
  7276 | D:8      | Found a transporter.
  7285 | D:8      | Noticed a boulder beetle
  7368 | D:8      | Found a radiant altar of Vehumet.
  7513 | D:8      | Reached **** piety under Okawaru
  7864 | D:9      | Noticed a two-headed ogre
  7875 | D:9      | Killed a two-headed ogre
  7885 | D:9      | Reached skill level 10 in Armour
  7903 | D:9      | Reached ***** piety under Okawaru
  8133 | D:9      | Noticed a deep elf pyromancer
  8137 | D:9      | Killed a deep elf pyromancer
  8151 | D:9      | Noticed a skeletal warrior
  8158 | D:9      | Killed a skeletal warrior
  8201 | D:9      | Noticed a green ugly thing
  8210 | D:9      | Killed a green ugly thing
  8211 | D:9      | Reached XP level 12. HP: 73/94 MP: 12/12
  8251 | D:9      | Noticed an entropy weaver
  8251 | D:9      | an entropy weaver changed into a black bear
  9003 | D:9      | Noticed a death knight
  9019 | D:9      | Killed by mirror damage (17 damage)
  9020 | D:9      | Killed a death knight
  9118 | D:10     | Entered Level 10 of the Dungeon
  9325 | D:10     | Noticed Nergalle
  9339 | D:10     | Killed Nergalle
  9399 | D:10     | Found a staircase to the Orcish Mines.
  9407 | D:10     | Identified the +3 ring mail "Huskoto" {Fly} (Okawaru gifted
                  | it to you on level 10 of the Dungeon)
  9407 | D:10     | Received a gift from Okawaru
  9436 | D:10     | Noticed Joseph
  9452 | D:10     | Killed Joseph
  9875 | D:10     | Found a snail-covered altar of Cheibriados.
 10248 | Orc:1    | Entered Level 1 of the Orcish Mines
 10282 | D:11     | Upgraded the game from 0.30-a0-1161-g0704695555 to
                  | 0.31-a0-1-g4198be8af4
 10357 | D:11     | Reached skill level 10 in Shields
 10539 | D:11     | Found a gate leading to a gauntlet.
 10563 | Gauntlet | Entered a Gauntlet
 10563 | Gauntlet | Found a transporter.
 10563 | Gauntlet | Found a transporter.
 10566 | Gauntlet | Found a transporter.
 10569 | Gauntlet | Found a transporter.
 10569 | Gauntlet | Found a transporter.
 10569 | Gauntlet | Found a transporter.
 10579 | Gauntlet | Found a transporter.
 10583 | Gauntlet | Found a transporter.
 10584 | Gauntlet | Found a transporter.
 10584 | Gauntlet | Found a transporter.
 10589 | Gauntlet | Noticed a sixfirhy
 10591 | Gauntlet | Noticed a glowing orange brain
 10593 | Gauntlet | Found a transporter.
 10594 | Gauntlet | Noticed a sixfirhy
 10605 | Gauntlet | Found the +1 cloak of Starlight {*Dazzle EV+4 Stlth--}
 10719 | Gauntlet | Reached XP level 13. HP: 39/102 MP: 13/13
 10965 | Gauntlet | Identified the +6 halberd of the Doomed Warrior {antimagic,
                  | Will+ Stlth+}
 10965 | Gauntlet | Noticed a minotaur
 10975 | Gauntlet | Slain by a minotaur
                  | ... wielding the +6 halberd of the Doomed
                  | Warrior {antimagic, Will+ Stlth+}
                  | (11 damage)
 10976 | Gauntlet | Killed a minotaur
 10979 | Gauntlet | Identified the +2 long sword of Qeod {drain, Str+2}
 10979 | Gauntlet | Identified the staff of poison "Itaceoheukh" {rPois Dex+4}
 10979 | Gauntlet | Identified the ring "Baeraus" {MP+9 Str+2 Int+2 SInv}
 11180 | Gauntlet | Found a transporter.
 11299 | D:11     | Noticed a centaur warrior
 11310 | D:11     | Killed a centaur warrior
 11311 | D:11     | Reached skill level 10 in Fighting
 11321 | D:11     | Reached skill level 1 in Long Blades
 11325 | D:11     | Reached ****** piety under Okawaru
 11417 | D:11     | Found a staircase to the Lair.
 11520 | Lair:1   | Entered Level 1 of the Lair of Beasts
 11902 | Lair:1   | Identified the +3 hand axe of Understanding {heavy, rN+
                  | Str+2 Dex-4}
 12274 | Lair:1   | Identified the scarf "Zuamopte" {+Inv, *Slow rPois Will+}
                  | (Okawaru gifted it to you on level 1 of the Lair of Beasts)
 12274 | Lair:1   | Received a gift from Okawaru
 12874 | Lair:2   | Reached skill level 15 in Axes
 13192 | Lair:2   | Noticed Erica
 13203 | Lair:2   | Killed Erica
 13842 | Lair:3   | Reached XP level 14. HP: 111/111 MP: 14/14
 13910 | Lair:3   | Identified the staff of air "Zakimidd" {rElec rPois Str+3
                  | Stlth+}
 14095 | Lair:3   | Reached skill level 1 in Spellcasting
 14540 | Lair:3   | Found a hole to the Spider Nest.
 14787 | Lair:3   | Found a staircase to the Swamp.
 15002 | Lair:4   | Found a staircase to the Slime Pits.
 15033 | Lair:4   | Identified the +0 robe of the Final Tusks {rPois Str-5
                  | Dex+3} (Okawaru gifted it to you on level 4 of the Lair of
                  | Beasts)
 15033 | Lair:4   | Received a gift from Okawaru
 15100 | Lair:4   | You fall into a shaft and drop 1 floor!
 15100 | Lair:5   | Entered Level 5 of the Lair of Beasts
 15442 | Lair:5   | Reached XP level 15. HP: 83/120 MP: 19/19
 15506 | Lair:5   | Identified the +0 plate armour "Taexzot" {rElec Int+4}
                  | (Okawaru gifted it to you on level 5 of the Lair of Beasts)
 15506 | Lair:5   | Received a gift from Okawaru
 15559 | Lair:5   | Identified the +5 ring mail of the Tuna {rF+ rCorr}
 15636 | Lair:5   | Found a glowing golden altar of the Shining One.
 16213 | Lair:5   | Reached skill level 5 in Long Blades
 16234 | Lair:5   | Got Iletuischaa's Omnibus of the Different Anticline
 16683 | Lair:4   | Identified the +0 leather armour "Muyh" {*Corrode rF++
                  | Dex+2 Stlth+}
 17107 | Lair:4   | Found a viscous altar of Jiyva.
 17584 | Swamp:1  | Entered Level 1 of the Swamp
 17982 | Swamp:1  | Identified the +0 plate armour of a volcano {rF+ Str+2
                  | Stlth-} (Okawaru gifted it to you on level 1 of the Swamp)
 17982 | Swamp:1  | Received a gift from Okawaru
 18068 | Swamp:1  | Found a runed translucent gate.
 18068 | Swamp:1  | Noticed Maxmaps's ghost (adept FoHu)
 18069 | Swamp:1  | Found a runed translucent gate.
 18070 | Swamp:1  | Found a runed translucent gate.
 18071 | Swamp:1  | Noticed a tentacled monstrosity
 18080 | Swamp:1  | Noticed a tentacled monstrosity
 18461 | Swamp:2  | Noticed a thorn hunter
 18467 | Swamp:2  | Slain by a tyrant leech (12 damage)
 18480 | Swamp:2  | Noticed Mlioglotl
 18482 | Swamp:2  | Noticed a tentacled starspawn
 18485 | Swamp:2  | Killed a thorn hunter
 18486 | Swamp:2  | Reached XP level 16. HP: 98/129 MP: 22/22
 18493 | Swamp:2  | Slain by a spriggan rider
                  | ... wielding a +0 spear
                  | ... led by a spriggan druid
                  | (16 damage)
 18505 | Swamp:2  | Slain by a spriggan rider
                  | ... wielding a +0 spear
                  | ... led by a spriggan druid
                  | (14 damage)
 18512 | Swamp:2  | Killed Mlioglotl
 18513 | Swamp:2  | Reached skill level 5 in Dodging
 18518 | Swamp:2  | Killed from afar by a will-o-the-wisp (14 damage)
                  | ... with a foxfire
 19038 | Swamp:3  | Splashed by a goliath frog's acid (9 damage)
 19118 | Swamp:3  | Identified the +1 pair of gloves of the Iron City of Dis
                  | {rC+}
 19118 | Swamp:3  | Noticed Nikola
 19153 | Swamp:3  | HP: 1/129 [spore (28)]
 19154 | Swamp:3  | Killed from afar by Nikola (11 damage)
                  | ... with an arc of chain lightning
 19194 | Swamp:3  | Noticed a thorn hunter
 19211 | Swamp:3  | Killed a thorn hunter
 19211 | Swamp:3  | Received a gift from Okawaru
 19211 | Swamp:3  | Found the +15 Maxwell's patent armour {-Cast -Tele rElec
                  | Will+ rCorr}
 19223 | Swamp:3  | Reached skill level 5 in Spellcasting
 19664 | Swamp:3  | Killed Nikola
 20106 | Spider:1 | Entered Level 1 of the Spider Nest
 20163 | Spider:1 | Identified the +1 quarterstaff of Equivalence {holy, rC+}
 20376 | Spider:1 | Reached skill level 15 in Shields
 20478 | Spider:1 | Noticed an emperor scorpion
 20493 | Spider:1 | Killed an emperor scorpion
 20501 | Spider:1 | Reached XP level 17. HP: 136/136 MP: 25/25
 20550 | Spider:1 | You fall into a shaft and drop 1 floor!
 21036 | Spider:2 | Received a gift from Okawaru
 21302 | Spider:2 | Received a gift from Okawaru
 21502 | Spider:2 | Identified the +0 ring mail "Teadal" {rF+} (Okawaru gifted
                  | it to you on level 2 of the Spider Nest)
 21502 | Spider:2 | Received a gift from Okawaru
 21952 | Spider:3 | Found a runed translucent gate.
 21953 | Spider:3 | Found a runed translucent gate.
 21992 | Spider:3 | HP: 2/138 [wolf spider[a broodmother] (16)]
 21993 | Spider:3 | Mangled by a jumping spider (7 damage)
                  | ... summoned by a broodmother
 22023 | Spider:3 | Noticed Jase's ghost (journeyman HOFi)
 22024 | Spider:3 | Found a runed translucent gate.
 22096 | Spider:3 | Killed Jase's ghost
 22097 | Spider:3 | Reached XP level 18. HP: 111/145 MP: 27/27
 22294 | Spider:3 | Identified the +0 pair of gloves "Xeuxireli" {rElec rPois}
 23007 | Spider:4 | Entered Level 4 of the Spider Nest
 23198 | Spider:4 | Noticed Arachne
 23199 | Spider:4 | Noticed Agnes
 23213 | Spider:4 | Killed Agnes
 23220 | Spider:4 | Killed Arachne
 23220 | Spider:4 | Received a gift from Okawaru
 23254 | Spider:4 | Blown up by an orb spider (31 damage)
                  | ... with an orb of destruction
 23616 | Spider:4 | Identified the +1 falchion "Ilac" {speed, *Noise rPois rF++
                  | Will+} (Okawaru gifted it to you on level 4 of the Spider
                  | Nest)
 23616 | Spider:4 | Received a gift from Okawaru
 24390 | Spider:4 | Got a gossamer rune of Zot
 25639 | D:12     | Identified a scroll of acquirement
 25649 | D:12     | Found a portal to a secret trove of treasure.
 25913 | D:12     | Identified the +6 sling "Dopa" {heavy, Int+5}
 26321 | D:13     | Acquired the +2 pair of gloves "Caniuzia" {rN++ Will++
                  | Dex-2}
 26373 | D:13     | Reached XP level 19. HP: 153/153 MP: 29/29
 26970 | D:14     | Noticed Kirke
 26979 | D:14     | Killed Kirke
 26984 | D:14     | Noticed Frances
 26992 | D:14     | Killed Frances
 27087 | D:14     | Noticed Nessos
 27103 | D:14     | Received a gift from Okawaru
 27111 | D:14     | Killed Nessos
 27354 | D:14     | Found a gate to the Vaults.
 27601 | D:15     | Entered Level 15 of the Dungeon
 27707 | D:15     | Identified the +7 long sword of Exoneration {pain, rPois
                  | rN+ Str+3}
 27799 | D:15     | Found a staircase to the Depths.
 27980 | D:15     | Found Ocruoror's Armour Shoppe.
 28047 | D:15     | Bought the +6 shadow dragon scales of Piom {rPois rC+ Str+3
                  | Stlth++++} for 1966 gold pieces
 28080 | D:15     | Reached skill level 15 in Fighting
 28344 | Vaults:1 | Entered Level 1 of the Vaults
 29147 | Vaults:1 | Identified the +0 chain mail of Cegod {rElec} (Okawaru
                  | gifted it to you on level 1 of the Vaults)
 29147 | Vaults:1 | Received a gift from Okawaru
 29342 | Vaults:1 | Reached XP level 20. HP: 151/163 MP: 32/32
 30155 | Vaults:2 | Identified the scarf of Kaohupp {harm, Str+2 Int+4}
                  | (Okawaru gifted it to you on level 2 of the Vaults)
 30155 | Vaults:2 | Received a gift from Okawaru
 30466 | Vaults:2 | Found a staircase to the Crypt.
 30818 | Vaults:3 | Found Rirulea's Armour Boutique.
 30827 | Vaults:3 | Reached skill level 1 in Evocations
 30849 | Vaults:3 | Found Buezuj's Antique Armour Shoppe.
 30958 | Vaults:3 | Found Qoyt Veipa's Antique Weapon Emporium.
 30970 | Vaults:3 | You fall into a shaft and drop 1 floor!
 31028 | Vaults:4 | Noticed Bai Suzhen
 31038 | Vaults:4 | Reached XP level 21. HP: 99/171 MP: 33/33
 31040 | Vaults:4 | Reached skill level 5 in Evocations
 31053 | Vaults:4 | Killed Bai Suzhen
 31247 | Vaults:4 | Identified the +5 kite shield "Lucopuho" {Str+2 Dex-4 SInv}
                  | (Okawaru gifted it to you on level 4 of the Vaults)
 31247 | Vaults:4 | Received a gift from Okawaru
 31379 | Vaults:4 | Noticed Donald
 31387 | Vaults:4 | Killed Donald
 31565 | Vaults:4 | Noticed Jory
 31575 | Vaults:4 | Killed Jory
 31675 | Vaults:4 | Noticed Frederick
 31687 | Vaults:4 | Killed Frederick
 32063 | Vaults:4 | Reached skill level 10 in Evocations
 32201 | Vaults:5 | Entered Level 5 of the Vaults
 32237 | Vaults:5 | Mangled by a fire giant
                  | ... wielding a +3 great sword of flaming
                  | (21 damage)
 32331 | Vaults:5 | Identified the +2 robe of Delicate Life {rC+} (Okawaru
                  | gifted it to you on level 5 of the Vaults)
 32331 | Vaults:5 | Received a gift from Okawaru
 32368 | Vaults:5 | Noticed a golden dragon
 32379 | Vaults:5 | Noticed a dread lich
 32388 | Vaults:5 | Killed a golden dragon
 32400 | Vaults:5 | HP: 6/171 [lorocyproca[a dread lich] (19)]
 32402 | Vaults:5 | HP: 2/171 [dread lich (5)]
 32402 | Vaults:5 | Mangled by a deep troll earth mage (13 damage)
 32424 | Vaults:5 | Killed a dread lich
 32425 | Vaults:5 | Reached XP level 22. HP: 161/178 MP: 34/34
 32461 | Vaults:5 | Identified the amulet "Gata" {RegenMP Int+3}
 32471 | Vaults:5 | Killed by divine providence
                  | ... invoked by a deep elf high priest
                  | (15 damage)
 32527 | Vaults:5 | Noticed a golden dragon
 32531 | Vaults:5 | Reached skill level 15 in Evocations
 32540 | Vaults:5 | Killed a golden dragon
 32559 | Vaults:5 | Identified the staff of cold "Xonwotab" {rPois rC+ Dex+3}
 32654 | Vaults:5 | Noticed a golden dragon
 32664 | Vaults:5 | Killed a golden dragon
 32699 | Vaults:5 | Identified the +1 robe of Yredelemnul's Fury {Drain Str+3
                  | Archmagi}
 32737 | Vaults:5 | Noticed an ancient lich
 32749 | Vaults:5 | Killed an ancient lich
 32861 | Vaults:5 | Received a gift from Okawaru
 33032 | Vaults:5 | Got a silver rune of Zot
 33034 | Vaults:5 | Got the Anthology of Azure Dark Mysteries
 33055 | Vaults:5 | Acquired the +1 pair of boots of Awe {Will+}
 33124 | Vaults:5 | Identified the +7 quarterstaff of the Bear {heavy, rPois}
 33623 | Vaults:5 | Got Xiepn's Advanced Wizardry
 33772 | Vaults:3 | Bought a fine battleaxe for 483 gold pieces
 33772 | Vaults:3 | Identified the +9 battleaxe "Ytixui" {elec, Str+4} (You
                  | bought it in a shop on level 3 of the Vaults)
 33803 | Vaults:3 | Found Lisiar's Antique Weapon Emporium.
 33961 | Vaults:3 | Identified the +1 pair of gloves of the Guild-Master {Str-5
                  | Int+5} (Okawaru gifted it to you on level 3 of the Vaults)
 33961 | Vaults:3 | Received a gift from Okawaru
 34564 | Vaults:3 | Reached XP level 23. HP: 174/184 MP: 35/35
 34913 | Vaults:3 | Found Qiargh's Jewellery Shoppe.
 35230 | Crypt:1  | Entered Level 1 of the Crypt
 36118 | Crypt:2  | Identified the +8 war axe of Offence {freeze, rC+ Will-
                  | Dex+3} (Okawaru gifted it to you on level 2 of the Crypt)
 36118 | Crypt:2  | Received a gift from Okawaru
 36557 | Crypt:2  | Identified the ring "Tepn" {Ice +Blink Int+3}
 36557 | Crypt:2  | Noticed Josephina
 36573 | Crypt:2  | Killed Josephina
 36600 | Crypt:2  | HP: 1/182 [ghoul (15)]
 36602 | Crypt:2  | Slain by a ghoul (5 damage)
 37046 | Crypt:3  | Entered Level 3 of the Crypt
 37077 | Crypt:3  | Identified the +6 plate armour of Jemef {-Cast Rampage rN+
                  | Will++} (Okawaru gifted it to you on level 3 of the Crypt)
 37077 | Crypt:3  | Received a gift from Okawaru
 37118 | Crypt:3  | Identified the ring of Sovereignty {rPois rN+}
 37118 | Crypt:3  | Identified the ring "Oducunn" {rC+ rN+ Will+}
 37118 | Crypt:3  | Identified the ring of Vutocoge {rPois rC+ rN+ Str+3}
 37434 | Crypt:3  | Reached XP level 24. HP: 155/191 MP: 35/35
 38124 | Crypt:3  | Found a staircase to the Tomb.
 38621 | Tomb:1   | Entered Level 1 of the Tomb of the Ancients
 38699 | Tomb:1   | Received a gift from Okawaru
 38847 | Tomb:1   | Noticed a royal mummy
 38876 | Tomb:1   | Killed a royal mummy
 39178 | Tomb:1   | Identified the +7 morningstar of Makhleb's Whim {heavy,
                  | rN++}
 39854 | Tomb:2   | Noticed a royal mummy
 39855 | Tomb:2   | Noticed a royal mummy
 39858 | Tomb:2   | Noticed a royal mummy
 39858 | Tomb:2   | Noticed a royal mummy
 39864 | Tomb:2   | Noticed a royal mummy
 39865 | Tomb:2   | Succumbed to an ushabti's dark miasma
 39867 | Tomb:2   | Killed by an exploding mummy priest (18 damage)
                  | ... ignited by their inner flame
 39870 | Tomb:2   | Killed a royal mummy
 39871 | Tomb:2   | Killed a royal mummy
 39871 | Tomb:2   | HP: 8/191 [poisoned by an ushabti (dark miasma)]
 39872 | Tomb:2   | Engulfed by a cloud of flame (23 damage)
 39877 | Tomb:2   | Killed a royal mummy
 39879 | Tomb:2   | HP: 6/191 [cloud of flame (7)]
 39879 | Tomb:2   | HP: 2/191 [poisoned by an emperor scorpion]
 39879 | Tomb:2   | Mangled by a death scarab (12 damage)
                  | ... summoned by a royal mummy
 39882 | Tomb:2   | Killed a royal mummy
 39883 | Tomb:2   | Killed a royal mummy
 40047 | Tomb:2   | Reached XP level 25. HP: 197/197 MP: 35/35
 40064 | Tomb:2   | Received a gift from Okawaru
 40174 | Tomb:2   | Lost intelligence.
 40589 | Tomb:1   | Noticed a royal mummy
 40589 | Tomb:1   | Noticed a royal mummy
 40590 | Tomb:1   | Noticed a royal mummy
 40590 | Tomb:1   | Noticed a royal mummy
 40592 | Tomb:1   | Noticed a royal mummy
 40593 | Tomb:1   | Noticed a royal mummy
 40594 | Tomb:1   | Noticed a royal mummy
 40595 | Tomb:1   | HP: 9/194 [royal mummy/divine providence (15)]
 40596 | Tomb:1   | Mangled by a royal mummy (21 damage)
 40601 | Tomb:1   | Killed a royal mummy
 40602 | Tomb:1   | Killed by divine providence
                  | ... invoked by a royal mummy
                  | (15 damage)
 40620 | Tomb:1   | HP: 6/197 [royal mummy/divine providence (15)]
 40621 | Tomb:1   | Succumbed to an emperor scorpion's poison
 40655 | Tomb:1   | Killed a royal mummy
 40655 | Tomb:1   | Lost intelligence.
 40658 | Tomb:1   | Killed by divine providence
                  | ... invoked by a royal mummy
                  | (14 damage)
                  | ... while paralysed
 40675 | Tomb:1   | Killed by divine providence
                  | ... invoked by a royal mummy
                  | (16 damage)
 40677 | Tomb:1   | Killed a royal mummy
 40684 | Tomb:1   | HP: 3/197 [royal mummy/divine providence (12)]
 40687 | Tomb:1   | Killed by divine providence
                  | ... invoked by a royal mummy
                  | (11 damage)
 40693 | Tomb:1   | Killed a royal mummy
 40700 | Tomb:1   | Slain by a death scarab (18 damage)
                  | ... summoned by a royal mummy
 40717 | Tomb:1   | HP: 5/197 [royal mummy/divine providence (12)]
 40718 | Tomb:1   | Succumbed to an emperor scorpion's poison
 40722 | Tomb:1   | Killed a royal mummy
 40739 | Tomb:1   | Killed a royal mummy
 40748 | Tomb:1   | HP: 9/197 [death scarab[a royal mummy] (7)]
 40756 | Tomb:1   | Killed a royal mummy
 41219 | Tomb:1   | Noticed a royal mummy
 41220 | Tomb:1   | Noticed a royal mummy
 41225 | Tomb:1   | Noticed a royal mummy
 41228 | Tomb:1   | Killed a royal mummy
 41237 | Tomb:1   | Killed a royal mummy
 41245 | Tomb:1   | Killed a royal mummy
 41687 | Tomb:1   | Noticed a royal mummy
 41702 | Tomb:1   | Killed a royal mummy
 41702 | Tomb:1   | Identified the +8 battleaxe of Immorality {spect, Drain rN+
                  | Will++ Int+2} (Okawaru gifted it to you on level 1 of the
                  | Tomb of the Ancients)
 41702 | Tomb:1   | Received a gift from Okawaru
 41703 | Tomb:1   | Reached skill level 15 in Armour
 41738 | Tomb:1   | Noticed a royal mummy
 41742 | Tomb:1   | Noticed a royal mummy
 41745 | Tomb:1   | Noticed a royal mummy
 41748 | Tomb:1   | Killed a royal mummy
 41749 | Tomb:1   | Noticed a royal mummy
 41754 | Tomb:1   | Killed by divine providence
                  | ... invoked by a royal mummy
                  | (15 damage)
 41755 | Tomb:1   | Killed a royal mummy
 41758 | Tomb:1   | Killed a royal mummy
 41770 | Tomb:1   | Killed a royal mummy
 42336 | Tomb:1   | Noticed a royal mummy
 42338 | Tomb:1   | Noticed a royal mummy
 42340 | Tomb:1   | Noticed a royal mummy
 42343 | Tomb:1   | Noticed a royal mummy
 42344 | Tomb:1   | Noticed a royal mummy
 42344 | Tomb:1   | Noticed a royal mummy
 42347 | Tomb:1   | Noticed a royal mummy
 42358 | Tomb:1   | HP: 9/200 [??? (2)]
 42361 | Tomb:1   | Killed by divine providence
                  | ... invoked by a royal mummy
                  | (10 damage)
 42383 | Tomb:1   | Killed by divine providence
                  | ... invoked by a royal mummy
                  | (16 damage)
 42386 | Tomb:1   | Killed a royal mummy
 42390 | Tomb:1   | Killed a royal mummy
 42391 | Tomb:1   | Killed a royal mummy
 42398 | Tomb:1   | Killed a royal mummy
 42411 | Tomb:1   | Slain by an emperor scorpion (18 damage)
                  | ... summoned by a royal mummy
 42416 | Tomb:1   | Killed a royal mummy
 42421 | Tomb:1   | Killed a royal mummy
 42433 | Tomb:1   | Killed a royal mummy
 42433 | Tomb:1   | Received a gift from Okawaru
 43089 | Tomb:3   | Entered Level 3 of the Tomb of the Ancients
 43109 | Tomb:3   | Noticed a royal mummy
 43111 | Tomb:3   | Reached XP level 26. HP: 106/213 MP: 35/35
 43111 | Tomb:3   | Noticed a royal mummy
 43117 | Tomb:3   | HP: 4/213 [death scarab (10)]
 43118 | Tomb:3   | HP: 1/213 [death scarab (4)]
 43118 | Tomb:3   | Slain by a death scarab (3 damage)
 43128 | Tomb:3   | Received a gift from Okawaru
 43130 | Tomb:3   | Noticed a royal mummy
 43132 | Tomb:3   | HP: 9/215 [poisoned by an emperor scorpion]
 43132 | Tomb:3   | HP: 2/215 [emperor scorpion[a royal mummy] (7)]
 43133 | Tomb:3   | Succumbed to an emperor scorpion's poison
 43135 | Tomb:3   | Noticed a royal mummy
 43136 | Tomb:3   | Killed a royal mummy
 43139 | Tomb:3   | Killed a royal mummy
 43141 | Tomb:3   | Noticed a royal mummy
 43141 | Tomb:3   | HP: 8/217 [royal mummy/divine providence (12)]
 43143 | Tomb:3   | Killed by a guardian mummy's death curse (14 damage)
 43144 | Tomb:3   | Noticed a royal mummy
 43144 | Tomb:3   | Noticed a royal mummy
 43144 | Tomb:3   | Noticed a royal mummy
 43148 | Tomb:3   | HP: 7/217 [death scarab[a royal mummy] (17)]
 43148 | Tomb:3   | Slain by a death scarab (11 damage)
                  | ... summoned by a royal mummy
 43151 | Tomb:3   | Succumbed to an ushabti's dark miasma
 43156 | Tomb:3   | HP: 2/217 [royal mummy/divine providence (11)]
 43157 | Tomb:3   | Succumbed to an ushabti's dark miasma
 43160 | Tomb:3   | Killed a royal mummy
 43160 | Tomb:3   | Received a gift from Okawaru
 43163 | Tomb:3   | Killed a royal mummy
 43164 | Tomb:3   | HP: 10/218 [something (11)]
 43164 | Tomb:3   | HP: 4/218 [poisoned by an ushabti (dark miasma)]
 43164 | Tomb:3   | HP: 1/218 [death scarab[a royal mummy] (3)]
 43165 | Tomb:3   | Succumbed to an ushabti's dark miasma
 43176 | Tomb:3   | HP: 4/218 [royal mummy/divine providence (9)]
 43177 | Tomb:3   | Killed a royal mummy
 43177 | Tomb:3   | HP: 1/218 [death scarab[a royal mummy] (4)]
 43179 | Tomb:3   | Engulfed by an ushabti's foul pestilence (8 damage)
 43182 | Tomb:3   | Killed a royal mummy
 43185 | Tomb:3   | HP: 3/218 [poisoned by an ushabti (dark miasma)]
 43185 | Tomb:3   | HP: 1/218 [mummy (2)]
 43186 | Tomb:3   | Succumbed to an ushabti's dark miasma
 43189 | Tomb:3   | Killed a royal mummy
 43189 | Tomb:3   | Killed a royal mummy
 43457 | Tomb:3   | Found the +0 toga "Victory" {*Victory Clar}
 43458 | Tomb:3   | Found the +2 cloak of the Thief {*Fog Slay-2 SInv Stlth+}
 43485 | Tomb:3   | Identified the amulet of Asodd {Reflect Fly SH+5}
 43557 | Tomb:3   | Identified the amulet "Zuovutah" {RegenMP rPois Str+5 Int-2
                  | Stlth+}
 43577 | Tomb:3   | Identified the ring "Munlips" {rC+ Str+7}
 43649 | Tomb:3   | Identified the +8 long sword of Okawaru, Hurling {heavy,
                  | Str+3 Int+4}
 43782 | Tomb:3   | Identified the staff of death "Yturuod" {rN+ Dex+2}
 44025 | Tomb:3   | Got a golden rune of Zot
 44580 | Depths:1 | Entered Level 1 of the Depths
 44601 | Depths:1 | Found Colaf's Antique Armour Boutique.
 44829 | Depths:1 | Received a gift from Okawaru
 44909 | Depths:1 | Found a gateway to Hell.
 44916 | Depths:1 | Got the Octavo of Algor and Imprecation
 45287 | Depths:1 | Identified the staff of poison "Sato" {rPois Int+2}
 45356 | Depths:2 | Found Ihelecos's Antique Weapon Boutique.
 45356 | Depths:2 | Found Ipses's Book Boutique.
 45392 | Depths:2 | Bought a sapphire broad axe for 207 gold pieces
 45392 | Depths:2 | Identified the +4 broad axe "Hot Loj" {flame, Str+4} (You
                  | bought it in a shop on level 2 of the Depths)
 45392 | Depths:2 | Bought a smoking long sword for 195 gold pieces
 45392 | Depths:2 | Identified the +5 long sword of Wyewiosch {protect, Dex+5}
                  | (You bought it in a shop on level 2 of the Depths)
 45392 | Depths:2 | Bought a polished falchion for 184 gold pieces
 45392 | Depths:2 | Identified the +3 falchion "Gufulani" {venom, Int-5 Dex+4}
                  | (You bought it in a shop on level 2 of the Depths)
 45392 | Depths:2 | Bought a crystal hand axe for 184 gold pieces
 45392 | Depths:2 | Identified the +1 hand axe of the Conjuring Queen {drain,
                  | rElec rC+++ Will- rCorr} (You bought it in a shop on level
                  | 2 of the Depths)
 45638 | Depths:2 | Found a basalt altar of Yredelemnul.
 45687 | Depths:2 | Found a one-way gateway to a ziggurat.
 45744 | Depths:2 | Found Lackocvo's Magic Scroll Shop.
 45810 | Depths:2 | Reached XP level 27. HP: 226/229 MP: 35/35
 45811 | Depths:2 | Received a gift from Okawaru
 46130 | Depths:2 | Found Ucappas's Magic Scroll Shoppe.
 46133 | Depths:2 | Bought a scroll of enchant armour for 97 gold pieces
 46433 | Depths:3 | Found a one-way gate to the infinite horrors of the Abyss.
 46496 | Depths:3 | Found Wyinuesi's Book Shoppe.
 46600 | Depths:3 | Received a gift from Okawaru
 47152 | Depths:3 | Received a gift from Okawaru
 47388 | Depths:3 | Found a stormy altar of Qazlal.
 47408 | Depths:3 | Identified the ring of the Curious Realms {Wiz *Corrode
                  | Dex+5}
 47546 | Depths:3 | Found a runed translucent door.
 47558 | Depths:3 | Noticed Joiny's ghost (veteran GrGl)
 47581 | Depths:3 | Killed Joiny's ghost
 47816 | Depths:4 | Entered Level 4 of the Depths
 47919 | Depths:4 | Found a magical portal.
 47938 | WizLab   | Entered Cigotuvi's Fleshworks
 47997 | WizLab   | Received a gift from Okawaru
 47997 | WizLab   | Found the +10 tower shield of Ignorance {rN+ Int-4}
 48052 | WizLab   | Gained mutation: You are weak. (Str -2) [mutagenic glow]
 48060 | WizLab   | Gained mutation: You have hidden genetic defects.
                  | [mutagenic glow]
 48087 | WizLab   | Gained mutation: You are frail. (-10% HP) [mutagenic glow]
 48443 | WizLab   | Identified the amulet "Jixzym" {RegenMP rC++ Dex+3}
 48707 | Depths:4 | Gained mutation: You are very weak. (Str -4) [hidden
                  | defects]
 49343 | Depths:4 | Found a gate to the Realm of Zot.
 49522 | Depths:4 | Gained mutation: Your magical capacity is low. (-10% MP)
                  | [hidden defects]
 49522 | Depths:4 | Lost mutation: You have hidden genetic defects. [hidden
                  | defects expressed]
 50020 | Zig:1    | Entered Level 1 of a ziggurat
 50040 | Zig:2    | Entered Level 2 of a ziggurat
 50043 | Zig:2    | Gained mutation: Armour fits poorly on your strangely
                  | shaped body. [a shining eye]
 50060 | Zig:3    | Entered Level 3 of a ziggurat
 50089 | Zig:4    | Entered Level 4 of a ziggurat
 50121 | Zig:5    | Entered Level 5 of a ziggurat
 50227 | Zig:6    | Entered Level 6 of a ziggurat
 50231 | Zig:6    | Gained mutation: Your mind is acute. (Int +4, Str/Dex -1)
                  | [a cacodemon]
 50232 | Zig:6    | Noticed Luoteiw the pandemonium lord
 50240 | Zig:6    | Identified the +1 pair of boots of Okawaru's Indignation
                  | {Str+2} (Okawaru gifted it to you on level 6 of a ziggurat)
 50240 | Zig:6    | Received a gift from Okawaru
 50240 | Zig:6    | Killed Luoteiw the pandemonium lord
 50450 | Zig:6    | Acquired 689 gold pieces
 50462 | Zig:7    | Entered Level 7 of a ziggurat
 50506 | Zig:7    | Identified the +2 scale mail of Dyspraxia {rN+ Regen+
                  | Int+3}
 50520 | Zig:8    | Entered Level 8 of a ziggurat
 50528 | Zig:8    | Found the +6 Majin-Bo {spellvamp, MP+6 Int+6}
 50817 | Zig:9    | Entered Level 9 of a ziggurat
 50826 | Zig:9    | Noticed an ancient lich
 50833 | Zig:9    | Killed an ancient lich
 50834 | Zig:9    | Reached skill level 27 in Fighting
 50888 | Zig:9    | Identified the +4 quarterstaff of Ru's Outrage {pain, *Slow
                  | Dex+4}
 50909 | Zig:10   | Entered Level 10 of a ziggurat
 50915 | Zig:10   | Noticed a Killer Klown
 50915 | Zig:10   | Noticed a Killer Klown
 50915 | Zig:10   | Noticed a Killer Klown
 50915 | Zig:10   | Noticed Vesussia the pandemonium lord
 50916 | Zig:10   | Noticed a Killer Klown
 50926 | Zig:10   | Found the +9 staff of Olgreb {rPois∞}
 50930 | Zig:10   | Killed a Killer Klown
 50932 | Zig:10   | Killed from afar by a Killer Klown (39 damage)
                  | ... with a klown pie
 50939 | Zig:10   | Killed Vesussia the pandemonium lord
 50954 | Zig:10   | Killed a Killer Klown
 50954 | Zig:10   | HP: 10/224 [Killer Klown/klown pie (21)]
 50960 | Zig:10   | HP: 5/224 [Killer Klown/+9 club of flaming (8)]
 50961 | Zig:10   | Demolished by a Killer Klown
                  | ... wielding a +9 club of flaming
                  | (25 damage)
 50974 | Zig:10   | Killed a Killer Klown
 50982 | Zig:10   | Killed a Killer Klown
 51132 | Zig:10   | Identified the +5 trident "Jarap" {drain, Dex+2}
 51145 | Zig:10   | Identified the +1 quick blade "Doqu" {flame, rElec Str+3
                  | Int+6}
 51146 | Zig:10   | Identified the quicksilver dragon scales of the Endless
                  | Artisans {+Blink rPois Will+ Dex+2}
 51150 | Zig:11   | Entered Level 11 of a ziggurat
 51158 | Zig:11   | Noticed a royal mummy
 51159 | Zig:11   | Noticed a royal mummy
 51166 | Zig:11   | HP: 6/224 [ushabti] (7)]
 51166 | Zig:11   | Succumbed to an ushabti's dark miasma
 51171 | Zig:11   | HP: 3/224 [poisoned by an ushabti (dark miasma)]
 51171 | Zig:11   | Killed by divine providence
                  | ... invoked by a mummy priest
                  | (8 damage)
 51172 | Zig:11   | Killed a royal mummy
 51177 | Zig:11   | Killed a royal mummy
 51179 | Zig:11   | HP: 10/224 [torment (3)]
 51179 | Zig:11   | Succumbed to an ushabti's dark miasma
 51366 | Zig:11   | Identified the staff of earth "Kepsial" {rPois Str+4}
 51368 | Zig:11   | Identified the +0 ice dragon scales "Luryimm" {rF- rC++
                  | Regen+}
 51411 | Zig:12   | Entered Level 12 of a ziggurat
 51604 | Zig:12   | Identified the +3 battleaxe of the Viper {drain, rC+ Will+}
 51613 | Zig:12   | Identified the +3 cloak "Bicvic" {rF- Str-2 Int+7}
 51630 | Zig:13   | Entered Level 13 of a ziggurat
 51646 | Zig:13   | Noticed a royal mummy
 51648 | Zig:13   | Received a gift from Okawaru
 51649 | Zig:13   | HP: 7/224 [poisoned by an ushabti (dark miasma)]
 51649 | Zig:13   | HP: 1/224 [tengu reaver zombie (4)]
 51650 | Zig:13   | Succumbed to an ushabti's dark miasma
 51654 | Zig:13   | HP: 3/224 [poisoned by an ushabti (dark miasma)]
 51655 | Zig:13   | Engulfed by an ushabti's foul pestilence (9 damage)
 51663 | Zig:13   | HP: 11/224 [poisoned by an ushabti (dark miasma)]
 51664 | Zig:13   | Killed a royal mummy
 51664 | Zig:13   | Succumbed to poison (dark miasma)
 51997 | Zig:13   | Identified the ring of Ymaec {rN+ rCorr MP+9}
 52003 | Zig:13   | Identified the staff of death "Ipnyu" {rElec rN+ Dex+3}
 52007 | Zig:13   | Identified the +1 leather armour of Foolhardiness {rN+++
                  | Str+2 SInv Stlth-}
 52019 | Zig:14   | Entered Level 14 of a ziggurat
 52055 | Zig:14   | HP: 11/224 [entropy weaver simulacrum (5)]
 52055 | Zig:14   | HP: 5/224 [entropy weaver simulacrum (6)]
 52328 | Zig:14   | Identified the ring of the Mutiny {Ice rN+ MP+9 Str+3}
 52332 | Zig:14   | Got the Directory of Immolation and Nausea
 52333 | Zig:14   | Identified the +1 leather armour of Weightlessness {Will+
                  | Str+3}
 52334 | Zig:14   | Identified the staff of cold "Koisadie" {Fly rPois rC+
                  | Str+2}
 52338 | Zig:14   | Identified the +0 hand crossbow of Greatest Utility {flame,
                  | Str+3}
 52346 | Zig:15   | Entered Level 15 of a ziggurat
 52372 | Zig:15   | Reached skill level 10 in Dodging
 52712 | Zig:15   | Identified the +0 plate armour of Ryed Jiymai {Contam rElec
                  | Int-4 Dex+5}
 52764 | Zig:16   | Entered Level 16 of a ziggurat
 52797 | Zig:16   | HP: 9/224 [nagaraja/+0 spear (23)]
 52798 | Zig:16   | HP: 4/224 [poisoned by a nagaraja (splash of poison)]
 52798 | Zig:16   | Constricted to death by a nagaraja (4 damage)
 53004 | Zig:16   | Identified the +2 hand axe of Gluttony {holy, Dex+3}
 53012 | Zig:16   | Identified the +7 trident of Qazlal's Benevolence {holy,
                  | *Corrode Int+2 Dex+4}
 53049 | Zig:17   | Entered Level 17 of a ziggurat
 53068 | Zig:17   | Noticed an ancient lich
 53078 | Zig:17   | Killed an ancient lich
 53082 | Zig:17   | HP: 2/224 [deep elf annihilator/+0 short sword (14)]
 53084 | Zig:17   | Killed by an exploding demonspawn blood saint (18 damage)
                  | ... ignited by their inner flame
 53087 | Zig:17   | Received a gift from Okawaru
 53187 | Zig:17   | Identified the staff of death "Qybbiode" {rN+ Dex+2}
 53198 | Zig:17   | Identified the +10 hand axe of the Abyss {freeze, rPois rF+
                  | MP+9}
 53205 | Zig:18   | Entered Level 18 of a ziggurat
 53230 | Zig:18   | Noticed an ancient lich
 53238 | Zig:18   | Received a gift from Okawaru
 53242 | Zig:18   | HP: 1/224 [bone dragon (14)]
 53242 | Zig:18   | Slain by a bone dragon (6 damage)
 53245 | Zig:18   | Killed an ancient lich
 53271 | Zig:18   | Identified the amulet of Binyneg {Faith rCorr Int+6}
 53273 | Zig:18   | Identified the amulet "Xeph" {Spirit rN+++ Int-2 Dex+5
                  | Stlth+}
 53286 | Zig:18   | Identified the +0 mace "Qaupa" {flame, rC+ rCorr Int+2}
 53288 | Zig:18   | Identified the +1 short sword "Luaxu" {spect, rF- Dex+6}
 53289 | Zig:18   | Identified the staff of cold "Nouto" {rF+ rC+ Will+}
 53290 | Zig:18   | Identified the +0 leather armour "Yxzom" {Fly rF+}
 53310 | Zig:19   | Entered Level 19 of a ziggurat
 53321 | Zig:19   | Noticed an ancient lich
 53322 | Zig:19   | Noticed an ancient lich
 53324 | Zig:19   | Noticed a dread lich
 53325 | Zig:19   | Noticed a dread lich
 53329 | Zig:19   | Killed an ancient lich
 53330 | Zig:19   | Reached skill level 1 in Short Blades
 53334 | Zig:19   | Killed an ancient lich
 53334 | Zig:19   | Identified the +0 pair of boots of Purrul {*Corrode rElec
                  | rF+++ rC-} (Okawaru gifted it to you on level 19 of a
                  | ziggurat)
 53334 | Zig:19   | Received a gift from Okawaru
 53337 | Zig:19   | Killed a dread lich
 53337 | Zig:19   | Killed a dread lich
 53342 | Zig:19   | HP: 3/224 [tengu reaver/bolt of cold (19)]
 53343 | Zig:19   | Demolished by a vault warden
                  | ... wielding a +3 dire flail of venom
                  | (21 damage)
 53495 | Zig:19   | Found the +8 mithril axe "Arga" {speed, Will+}
 53497 | Zig:19   | Found the +3 salamander hide armour {Flames, rFlCloud rF++
                  | rC--}
 53514 | Zig:19   | Identified the staff of air "Zoene" {rElec Will+}
 53538 | Zig:19   | Identified the +4 long sword "Fuete" {flame, Dex+4 Stlth+}
 53572 | Zig:20   | Entered Level 20 of a ziggurat
 53594 | Zig:20   | Noticed a juggernaut
 53595 | Zig:20   | Found the ring of Shadows {Umbra +Inv Stlth+}
 53596 | Zig:20   | Noticed a juggernaut
 53596 | Zig:20   | Noticed a juggernaut
 53601 | Zig:20   | Killed a juggernaut
 53602 | Zig:20   | Reached skill level 5 in Short Blades
 53607 | Zig:20   | Killed a juggernaut
 53609 | Zig:20   | Killed a juggernaut
 53663 | Zig:21   | Entered Level 21 of a ziggurat
 53694 | Zig:21   | HP: 9/224 [harpy (8)]
 53695 | Zig:21   | Received a gift from Okawaru
 53695 | Zig:21   | Mangled by an alligator snapping turtle (15 damage)
 53700 | Zig:21   | Reached skill level 27 in Armour
 53701 | Zig:21   | HP: 10/224 [swamp dragon (9)]
 53701 | Zig:21   | Slain by a merfolk javelineer
                  | ... wielding a +0 antimagic spear
                  | (11 damage)
 53713 | Zig:21   | HP: 9/224 [16-headed hydra (3)]
 53713 | Zig:21   | Slain by a 16-headed hydra (12 damage)
 53724 | Zig:21   | Reached skill level 15 in Dodging
 53728 | Zig:21   | HP: 10/224 [alligator snapping turtle (22)]
 53730 | Zig:21   | Annihilated by an alligator snapping turtle (55 damage)
 54065 | Zig:21   | Identified the +10 plate armour of Bison {Fly rN+}
 54090 | Zig:21   | Identified the +2 mace of the Terrible God {pain, rElec rC-
                  | rN+ SInv}
 54104 | Zig:21   | Identified the ring of Teivy {rPois rCorr Int+3}
 54105 | Zig:21   | Identified the ring of Beauty {rCorr Str+3 Slay+3}
 54117 | Zig:22   | Entered Level 22 of a ziggurat
 54149 | Zig:22   | Reached skill level 10 in Short Blades
 54149 | Zig:22   | Identified the +0 pair of boots "Judiracs" {-Tele rC- Will+
                  | Str+7} (Okawaru gifted it to you on level 22 of a ziggurat)
 54149 | Zig:22   | Received a gift from Okawaru
 54158 | Zig:22   | HP: 2/224 [deep elf master archer/arrow (20)]
 54159 | Zig:22   | Shot with an arrow by a deep elf master archer (16 damage)
 54200 | Zig:22   | Identified the amulet "Wushitih" {+Blink Regen+ rCorr
                  | Stlth+}
 54207 | Zig:22   | Identified the ring of Ofeboh {*Slow +Blink rElec Will+
                  | Dex+3}
 54210 | Zig:22   | Identified the ring of Hixao {rElec rF+ rCorr Str+5 Stlth+}
 54216 | Zig:22   | Identified the +5 chain mail of Wonder {Str+3 Stlth-}
 54234 | Zig:22   | Identified the +0 helmet of Sif Muna's Hope {rN+ Str-3
                  | Int+2}
 54239 | Zig:22   | Identified the staff of conjuration "Wucleerhi" {rElec
                  | rCorr Str-3}
 54245 | Zig:23   | Entered Level 23 of a ziggurat
 54259 | Zig:23   | Noticed a juggernaut
 54260 | Zig:23   | Noticed a juggernaut
 54260 | Zig:23   | Noticed a juggernaut
 54261 | Zig:23   | Noticed a juggernaut
 54263 | Zig:23   | Noticed a juggernaut
 54267 | Zig:23   | Killed a juggernaut
 54272 | Zig:23   | Killed a juggernaut
 54273 | Zig:23   | Killed a juggernaut
 54273 | Zig:23   | Noticed a juggernaut
 54275 | Zig:23   | Killed a juggernaut
 54277 | Zig:23   | Demolished by a juggernaut (72 damage)
 54286 | Zig:23   | Killed a juggernaut
 54293 | Zig:23   | Killed a juggernaut
 54302 | Zig:23   | HP: 7/224 [orc high priest/divine providence (13)]
 54302 | Zig:23   | Slain by an orc warlord
                  | ... wielding a +0 war axe
                  | (8 damage)
 54397 | Zig:23   | Identified the ring of Tasuir {rC+ rN+ Dex+6 Stlth+}
 54407 | Zig:23   | Identified the +8 chain mail "Cuonuf" {Str+2}
 54432 | Zig:24   | Entered Level 24 of a ziggurat
 54445 | Zig:24   | Noticed a juggernaut
 54453 | Zig:24   | Killed a juggernaut
 54457 | Zig:24   | Noticed a juggernaut
 54459 | Zig:24   | Noticed a juggernaut
 54460 | Zig:24   | Noticed a juggernaut
 54470 | Zig:24   | Killed a juggernaut
 54470 | Zig:24   | Received a gift from Okawaru
 54474 | Zig:24   | Noticed a juggernaut
 54474 | Zig:24   | Killed a juggernaut
 54475 | Zig:24   | Killed a juggernaut
 54479 | Zig:24   | Noticed a juggernaut
 54485 | Zig:24   | HP: 9/224 [orc high priest/divine providence (9)]
 54485 | Zig:24   | Killed by divine providence
                  | ... invoked by an orc high priest
                  | (11 damage)
 54491 | Zig:24   | Killed a juggernaut
 54495 | Zig:24   | Killed a juggernaut
 54496 | Zig:24   | Noticed a juggernaut
 54500 | Zig:24   | HP: 9/224 [orc warrior/+1 long sword of electrocution (5)]
 54501 | Zig:24   | Reached skill level 15 in Short Blades
 54502 | Zig:24   | Annihilated by an orc warlord
                  | ... wielding a +3 heavy bardiche
                  | (55 damage)
 54504 | Zig:24   | Killed a juggernaut
 54511 | Zig:24   | Identified the +1 falchion of the Flying Visionary {heavy,
                  | Drain rF+ rC+ rCorr} (Okawaru gifted it to you on level 24
                  | of a ziggurat)
 54511 | Zig:24   | Received a gift from Okawaru
 54596 | Zig:24   | Identified the staff of air "Idoeplu" {*Corrode rElec rF++
                  | rC+ Str+3}
 54632 | Zig:24   | Identified the +1 shortbow "Qiykia" {drain, rPois Str+3
                  | Dex+3 Stlth-}
 54639 | Zig:24   | Identified the +1 hand axe of Dust {heavy, Str+3}
 54642 | Zig:24   | Identified the +4 chain mail of Baldness {Will+}
 54643 | Zig:24   | Identified the ring of the Hero {rF+ rN+ Str+3 Slay+3}
 54652 | Zig:24   | Identified the +5 battleaxe of the Spheres {antimagic,
                  | rElec}
 54673 | Zig:25   | Entered Level 25 of a ziggurat
 54693 | Zig:25   | Gained mutation: Your body sometimes deteriorates upon
                  | taking damage. [a shining eye]
 54694 | Zig:25   | Gained mutation: You are vulnerable to heat. (rF-) [a
                  | shining eye]
 54702 | Zig:25   | Gained mutation: You occasionally shout uncontrollably at
                  | your foes. [a shining eye]
 54706 | Zig:25   | Gained mutation: You occasionally lose the ability to read
                  | scrolls when taking damage. [a shining eye]
 54711 | Zig:25   | Gained mutation: Your spells are a little easier to cast,
                  | but a little less powerful. [a shining eye]
 54735 | Zig:25   | Blown up by an eye of devastation (28 damage)
                  | ... with a bolt of energy
 54783 | Zig:25   | Identified the +1 glaive of Huklug {spect, Fly rF+ Will-
                  | SInv}
 54817 | Zig:25   | Identified the +4 scimitar "Xinus" {flame, Fly rC+}
 54836 | Zig:26   | Entered Level 26 of a ziggurat
 54856 | Zig:26   | Noticed a dread lich
 54856 | Zig:26   | Noticed a dread lich
 54858 | Zig:26   | Noticed an ancient lich
 54861 | Zig:26   | Noticed an ancient lich
 54867 | Zig:26   | Noticed an ancient lich
 54867 | Zig:26   | Noticed an ancient lich
 54867 | Zig:26   | Noticed a dread lich
 54869 | Zig:26   | Noticed a dread lich
 54869 | Zig:26   | Killed a dread lich
 54869 | Zig:26   | Noticed an ancient lich
 54869 | Zig:26   | Noticed a dread lich
 54871 | Zig:26   | Killed an ancient lich
 54871 | Zig:26   | Received a gift from Okawaru
 54872 | Zig:26   | Killed a dread lich
 54874 | Zig:26   | HP: 9/224 [ironbound preserver/+2 mace of protection (8)]
 54875 | Zig:26   | HP: 1/224 [golden dragon (5)]
 54878 | Zig:26   | Killed an ancient lich
 54879 | Zig:26   | Killed by the air
                  | ... invoked by a titan
                  | (6 damage)
 54881 | Zig:26   | Noticed a dread lich
 54882 | Zig:26   | Killed an ancient lich
 54882 | Zig:26   | Killed a dread lich
 54884 | Zig:26   | Received a gift from Okawaru
 54886 | Zig:26   | Killed an ancient lich
 54886 | Zig:26   | Killed a dread lich
 54886 | Zig:26   | Killed an ancient lich
 54893 | Zig:26   | Killed a dread lich
 55128 | Zig:26   | Found the +7 great mace "Undeadhunter" {deathbane, rN+}
 55133 | Zig:26   | Identified the +0 crystal plate armour of Caofur {+Inv
                  | rCorr Str+2}
 55137 | Zig:26   | Identified the +7 long sword of Disarray {heavy, rPois
                  | Will- rCorr Dex+6}
 55157 | Zig:26   | Identified the +8 great mace "Duinec" {venom, rF+ rC+ rN+}
 55183 | Zig:26   | Identified the +7 whip of Premature Burial {heavy, *Rage
                  | rPois rN+++ Dex+3}
 55192 | Zig:26   | Identified the staff of conjuration "Vimm" {rF+ rC+ Int+3}
 55193 | Zig:26   | Identified the +4 halberd "Bampiu" {protect, Int+3}
 55194 | Zig:26   | Identified the ring of Mypojoju {Wiz rElec rC- rN+ Int+3
                  | Stlth+}
 55226 | Zig:27   | Entered Level 27 of a ziggurat
 55255 | Zig:27   | HP: 10/224 [golden dragon (8)]
 55255 | Zig:27   | HP: 1/224 [spore (9)]
 55255 | Zig:27   | Killed by an exploding ten-headed hydra (22 damage)
                  | ... ignited by their inner flame
 55262 | Zig:27   | HP: 8/224 [poisoned by a green death (poison gas)]
 55263 | Zig:27   | Succumbed to a golden dragon's poison gas
 55265 | Zig:27   | Identified the +7 war axe of Conflict {vamp, rF+ rC+ Dex+3}
                  | (Okawaru gifted it to you on level 27 of a ziggurat)
 55265 | Zig:27   | Received a gift from Okawaru
 55272 | Zig:27   | HP: 8/224 [swamp dragon] (9)]
 55272 | Zig:27   | Succumbed to a swamp dragon's poison gas
 55283 | Zig:27   | HP: 10/224 [something (7)]
 55283 | Zig:27   | Succumbed to poison (poison gas)
 55379 | Zig:27   | Identified the +8 morningstar "Woybbit" {flame, rElec rN+
                  | Will+}
 55437 | Zig:27   | Got the Anthology of the Arsonist and the Storm
 55559 | Hell     | Entered the Vestibule of Hell
 55559 | Hell     | Noticed Geryon
 55579 | Hell     | Noticed Murray
 55624 | Hell     | HP: 11/224 [hell beast[Geryon] (9)]
 55624 | Hell     | HP: 2/224 [hell beast[Geryon] (9)]
 55626 | Hell     | Slain by a hell beast (4 damage)
                  | ... summoned by Geryon
 55628 | Hell     | Killed Murray
 55628 | Hell     | Identified the +7 rapier "Giriubb" {heavy, rElec rPois
                  | Will+++ Int-5} (Okawaru gifted it to you in the Vestibule
                  | of Hell)
 55628 | Hell     | Received a gift from Okawaru
 55652 | Hell     | Killed Geryon
 55767 | Hell     | Found a gateway to the decaying netherworld of Tartarus.
 55815 | Hell     | Found a gateway to the freezing wastes of Cocytus.
 55913 | Hell     | Found a gateway to the Iron City of Dis.
 55958 | Hell     | Found a gateway to the ashen valley of Gehenna.
 56088 | Coc:1    | Entered Level 1 of Cocytus
 56490 | Coc:2    | Received a gift from Okawaru
 57091 | Coc:3    | Noticed a shard shrike
 57092 | Coc:3    | Noticed a shard shrike
 57092 | Coc:3    | Noticed a shard shrike
 57093 | Coc:3    | Noticed a shard shrike
 57094 | Coc:3    | Killed a shard shrike
 57099 | Coc:3    | Killed a shard shrike
 57099 | Coc:3    | Killed a shard shrike
 57104 | Coc:3    | Killed a shard shrike
 57331 | Coc:4    | Noticed a shard shrike
 57331 | Coc:4    | Noticed a shard shrike
 57331 | Coc:4    | Noticed a shard shrike
 57331 | Coc:4    | Noticed a shard shrike
 57333 | Coc:4    | Killed a shard shrike
 57336 | Coc:4    | Killed a shard shrike
 57336 | Coc:4    | Killed a shard shrike
 57337 | Coc:4    | Killed a shard shrike
 57404 | Coc:4    | HP: 5/224 [wendigo (14)]
 57466 | Coc:4    | Noticed a shard shrike
 57476 | Coc:4    | Noticed a shard shrike
 57491 | Coc:4    | Killed a shard shrike
 57491 | Coc:4    | Noticed a shard shrike
 57501 | Coc:4    | Killed a shard shrike
 57511 | Coc:4    | Killed a shard shrike
 57511 | Coc:4    | Identified the +5 kite shield "Seresepsa" {rElec Str+3
                  | Dex+3} (Okawaru gifted it to you on level 4 of Cocytus)
 57511 | Coc:4    | Received a gift from Okawaru
 58016 | Coc:5    | Noticed a shard shrike
 58017 | Coc:5    | Noticed a shard shrike
 58018 | Coc:5    | Noticed a shard shrike
 58019 | Coc:5    | Noticed a shard shrike
 58019 | Coc:5    | HP: 5/224 [shard shrike (56)]
 58020 | Coc:5    | HP: 1/224 [shard shrike (5)]
 58021 | Coc:5    | Annihilated by a shard shrike (61 damage)
 58026 | Coc:5    | Killed a shard shrike
 58027 | Coc:5    | Killed a shard shrike
 58027 | Coc:5    | Killed a shard shrike
 58037 | Coc:5    | Killed a shard shrike
 58350 | Coc:6    | Noticed a shard shrike
 58351 | Coc:6    | Noticed a shard shrike
 58352 | Coc:6    | Noticed a shard shrike
 58357 | Coc:6    | Killed a shard shrike
 58358 | Coc:6    | Killed a shard shrike
 58358 | Coc:6    | Killed a shard shrike
 58384 | Coc:6    | Noticed a shard shrike
 58385 | Coc:6    | HP: 1/216 [shard shrike (42)]
 58388 | Coc:6    | Killed a shard shrike
 58392 | Coc:6    | Upgraded the game from 0.31-a0-1-g4198be8af4 to
                  | 0.31-a0-4-gefa6de2278
 58654 | Coc:7    | Entered Level 7 of Cocytus
 58654 | Coc:7    | Noticed a shard shrike
 58665 | Coc:7    | Killed a shard shrike
 58671 | Coc:7    | Slain by a wendigo (17 damage)
 58689 | Coc:7    | HP: 9/224 [elemental wellspring/torrent of water (18)]
 58690 | Coc:7    | Killed from afar by an Ice Fiend (22 damage)
                  | ... with a bolt of cold
 58715 | Coc:7    | Noticed a shard shrike
 58726 | Coc:7    | Killed a shard shrike
 58776 | Coc:7    | Noticed a shard shrike
 58783 | Coc:7    | Noticed a shard shrike
 58790 | Coc:7    | Killed a shard shrike
 58796 | Coc:7    | Killed a shard shrike
 58812 | Coc:7    | Noticed a shard shrike
 58826 | Coc:7    | Demolished by a nargun (48 damage)
 58828 | Coc:7    | Killed a shard shrike
 58982 | Coc:7    | HP: 3/224 [wendigo/seracfall (42)]
 58984 | Coc:7    | Killed from afar by a wendigo (9 damage)
                  | ... with a stunning burst
 58986 | Coc:7    | Noticed the Serpent of Hell
 58989 | Coc:7    | Noticed a shard shrike
 58995 | Coc:7    | Killed a shard shrike
 58999 | Coc:7    | Killed the Serpent of Hell
 58999 | Coc:7    | Identified the +0 pair of gloves of a wizard's laboratory
                  | {rPois rN+} (Okawaru gifted it to you on level 7 of
                  | Cocytus)
 58999 | Coc:7    | Received a gift from Okawaru
 58999 | Coc:7    | Killed by the air
                  | ... invoked by a titan
                  | (30 damage)
 59000 | Coc:7    | Noticed a shard shrike
 59011 | Coc:7    | Killed a shard shrike
 59023 | Coc:7    | Noticed a shard shrike
 59032 | Coc:7    | Killed a shard shrike
 59273 | Coc:7    | Noticed Antaeus
 59292 | Coc:7    | HP: 9/224 [Antaeus/the +8 Maxwell's thermic engine {flame,
                  | freeze, rev} (43)]
 59292 | Coc:7    | Demolished by Antaeus
                  | ... wielding the +8 Maxwell's thermic engine
                  | {flame, freeze, rev}
                  | (27 damage)
 59298 | Coc:7    | Killed Antaeus
 59569 | Coc:7    | Identified the +0 scale mail of Beogh, Disbelieving {+Inv
                  | rElec Slay+3}
 59572 | Coc:7    | Identified the +0 ring mail "Ure Lurchi" {rF- rN+ Str+9
                  | Dex-4}
 59604 | Coc:7    | Identified the staff of death "Ataskipt" {rF+ rN+}
 59634 | Coc:7    | Found the +10 zealot's sword {holy, Zealotry, *Rage rN+
                  | EV+3}
 59679 | Coc:7    | Identified the ring "Dick" {Will+ Dex+6}
 59715 | Coc:7    | Got an icy rune of Zot
 59801 | Coc:7    | Noticed a shard shrike
 59819 | Coc:7    | Killed a shard shrike
 59953 | Coc:7    | Noticed a shard shrike
 59963 | Coc:7    | Killed a shard shrike
 60002 | Coc:7    | HP: 11/224 [titan (14)]
 60092 | Coc:7    | Noticed a shard shrike
 60100 | Coc:7    | Killed a shard shrike
 60269 | Coc:7    | Received a gift from Okawaru
 60720 | Geh:1    | Entered Level 1 of Gehenna
 60727 | Geh:1    | Killed from afar by a hell hog (37 damage)
                  | ... with a fireball
 60795 | Geh:1    | Killed from afar by a hell hog (22 damage)
                  | ... with a fireball
 60806 | Geh:1    | Killed from afar by a Brimstone Fiend (43 damage)
                  | ... with damnation
 61149 | Geh:1    | You fall into a shaft and drop 1 floor!
 61166 | Geh:2    | Identified the +9 executioner's axe of Iganwe {venom,
                  | *Corrode Dex+3 SInv} (Okawaru gifted it to you on level 2
                  | of Gehenna)
 61166 | Geh:2    | Received a gift from Okawaru
 61458 | Geh:3    | Killed from afar by a hellephant (93 damage)
                  | ... with a blast of flame
 61475 | Geh:3    | Killed from afar by a balrug (24 damage)
                  | ... with a bolt of fire
 61858 | Geh:4    | Killed from afar by a hell hog (28 damage)
                  | ... with a fireball
 61887 | Geh:4    | HP: 6/224 [hell hog/fireball (31)]
 61887 | Geh:4    | HP: 1/224 [hellephant (5)]
 61888 | Geh:4    | Killed from afar by a hell hog (42 damage)
                  | ... with a fireball
 61903 | Geh:4    | HP: 8/224 [hell hog/fireball (35)]
 61904 | Geh:4    | Killed from afar by a hell hog (17 damage)
                  | ... with a fireball
 62374 | Geh:5    | HP: 3/224 [Brimstone Fiend/damnation (39)]
 62374 | Geh:5    | Noticed an ancient lich
 62377 | Geh:5    | Killed from afar by a Brimstone Fiend (35 damage)
                  | ... with damnation
 62384 | Geh:5    | Killed an ancient lich
 62384 | Geh:5    | Identified the +5 scale mail of Gluttony {+Blink Will-
                  | Int+3 Slay+2} (Okawaru gifted it to you on level 5 of
                  | Gehenna)
 62384 | Geh:5    | Received a gift from Okawaru
 62830 | Geh:6    | HP: 2/224 [hell hog/fireball (15)]
 62830 | Geh:6    | Killed from afar by a hell hog (38 damage)
                  | ... with a fireball
 62851 | Geh:6    | HP: 7/224 [hell hog/fireball (38)]
 62851 | Geh:6    | HP: 1/224 [hell hog (6)]
 62853 | Geh:6    | Killed from afar by a hellephant (18 damage)
                  | ... with a blast of flame
 62881 | Geh:6    | Killed from afar by a hellephant (67 damage)
                  | ... with a blast of flame
 63589 | Geh:7    | Entered Level 7 of Gehenna
 63712 | Geh:7    | Killed from afar by a hellephant (62 damage)
                  | ... with a blast of flame
 63722 | Geh:7    | Killed from afar by a hellephant (68 damage)
                  | ... with a blast of flame
 64310 | Geh:7    | Identified the +7 shortbow of the Illusory Tales
                  | {antimagic, Fly Int+2 Dex+2 Stlth+}
 65112 | Geh:7    | Identified the +10 rapier of the Orcish Mines {distort,
                  | Will+ Str+3 Int+6}
 65118 | Geh:7    | Identified the +5 battleaxe of Inflation {flame, +Blink
                  | rPois rC++ Str-3}
 65192 | Geh:7    | Found the +13 sceptre of Asmodeus
 65192 | Geh:7    | Noticed Asmodeus
 65198 | Geh:7    | Reached skill level 27 in Evocations
 65211 | Geh:7    | Killed from afar by a balrug (31 damage)
                  | ... with a fireball
                  | ... summoned by Asmodeus
 65219 | Geh:7    | Killed Asmodeus
 65219 | Geh:7    | Received a gift from Okawaru
 65287 | Geh:7    | Got an obsidian rune of Zot
 65327 | Geh:7    | Got the Encyclopedia of the Mortuary Shot
 65330 | Geh:7    | Identified the +1 scale mail of the Green God {Int+3}
 65340 | Geh:7    | Identified the +1 mace of Dried Tears {flame, rCorr}
 65352 | Geh:7    | Identified the staff of fire "Wocimm" {*Slow rF+ rN+ Will+
                  | MP+9}
 65358 | Geh:7    | Identified the +4 flail of Fortitude {pain, rElec rF+}
 65787 | Depths:2 | Found a one-way gate leading to the halls of Pandemonium.
 65792 | Depths:2 | Gained mutation: Your body often deteriorates upon taking
                  | damage. [a neqoxec]
 66156 | Zot:1    | Entered Level 1 of the Realm of Zot
 67255 | Zot:2    | Identified the +6 kite shield "Civvig" {rC+ Dex+3} (Okawaru
                  | gifted it to you on level 2 of the Realm of Zot)
 67255 | Zot:2    | Received a gift from Okawaru
 67446 | Zot:2    | Reached skill level 27 in Axes
 67754 | Zot:2    | Identified the +6 sling of Ignis's Scorn {flame, rPois
                  | rN+++ Will- Dex-4}
 67856 | Zot:2    | Noticed an orb of fire
 67860 | Zot:2    | Lost mutation: You are very weak. (Str -4) [an orb of fire]
 67864 | Zot:2    | Killed from afar by an orb of fire (69 damage)
                  | ... with a bolt of fire
 67866 | Zot:2    | Gained mutation: You are very frail. (-20% HP) [an orb of
                  | fire]
 67868 | Zot:2    | Gained mutation: You are very weak. (Str -4) [an orb of
                  | fire]
 67870 | Zot:2    | Gained mutation: Your spells are easier to cast, but less
                  | powerful. [an orb of fire]
 67874 | Zot:2    | Killed an orb of fire
 68639 | Zot:3    | Received a gift from Okawaru
 69166 | Zot:3    | Noticed Grunn
 69180 | Zot:3    | Killed Grunn
 69207 | Zot:3    | HP: 8/199 [green draconian monk[a yellow draconian
                  | annihilator] (3)]
 69208 | Zot:3    | HP: 1/199 [poisoned by a green draconian monk]
 69209 | Zot:3    | Engulfed by a green draconian monk's poison gas (5 damage)
                  | ... led by a yellow draconian annihilator
 69218 | Zot:3    | HP: 4/199 [purple draconian shifter/bolt of dispelling
                  | energy[a yellow draconian annihilator] (29)]
 69219 | Zot:3    | Succumbed to poison (poison gas)
 69481 | Zot:3    | Identified the +3 hand axe "Lass" {freeze, rPois Stlth+}
 69822 | Zot:3    | Identified the staff of death "Heonkeim" {rElec rF+++ rN+
                  | Will- rCorr}
 70095 | Zot:4    | Noticed an orb of fire
 70098 | Zot:4    | Lost mutation: Armour fits poorly on your strangely shaped
                  | body. [an orb of fire]
 70107 | Zot:4    | Killed an orb of fire
 70125 | Zot:4    | Reached skill level 27 in Dodging
 70503 | Zot:4    | Identified the +7 tower shield "Ceimual" {Int+3 Dex+4}
                  | (Okawaru gifted it to you on level 4 of the Realm of Zot)
 70503 | Zot:4    | Received a gift from Okawaru
 71225 | Zot:5    | Entered Level 5 of the Realm of Zot
 71574 | Zot:5    | Noticed a Killer Klown
 71580 | Zot:5    | Killed a Killer Klown
 71795 | Zot:5    | Noticed an orb of fire
 71796 | Zot:5    | Noticed an orb of fire
 71798 | Zot:5    | Noticed an orb of fire
 71798 | Zot:5    | Noticed an orb of fire
 71800 | Zot:5    | Noticed an orb of fire
 71802 | Zot:5    | Noticed an orb of fire
 71804 | Zot:5    | Noticed a Killer Klown
 71807 | Zot:5    | Killed from afar by an orb of fire (62 damage)
                  | ... with a bolt of fire
 71807 | Zot:5    | Gained mutation: You occasionally lose the ability to drink
                  | potions when taking damage. [an orb of fire]
 71809 | Zot:5    | Gained mutation: Your spells are much easier to cast, but
                  | much less powerful. [an orb of fire]
 71811 | Zot:5    | Lost mutation: You are very weak. (Str -4) [an orb of fire]
 71811 | Zot:5    | Lost mutation: You are vulnerable to heat. (rF-) [an orb of
                  | fire]
 71811 | Zot:5    | Lost mutation: You occasionally lose the ability to read
                  | scrolls when taking damage. [an orb of fire]
 71813 | Zot:5    | Lost mutation: Your mind is acute. (Int +4, Str/Dex -1) [an
                  | orb of fire]
 71815 | Zot:5    | Killed from afar by an orb of fire (20 damage)
                  | ... with a fireball
 71815 | Zot:5    | Noticed an ancient lich
 71816 | Zot:5    | Gained mutation: You are extremely frail. (-30% HP) [an orb
                  | of fire]
 71819 | Zot:5    | Gained mutation: Your magical capacity is very low. (-20%
                  | MP) [an orb of fire]
 71820 | Zot:5    | Killed an orb of fire
 71820 | Zot:5    | Killed an orb of fire
 71820 | Zot:5    | Gained mutation: You sometimes lose the ability to drink
                  | potions when taking damage. [an orb of fire]
 71820 | Zot:5    | Noticed a dread lich
 71821 | Zot:5    | Killed an orb of fire
 71821 | Zot:5    | HP: 2/174 [orb of fire/bolt of fire (8)]
 71821 | Zot:5    | Killed from afar by an orb of fire (5 damage)
                  | ... with a bolt of fire
 71823 | Zot:5    | Lost mutation: You are extremely frail. (-30% HP) [an orb
                  | of fire]
 71824 | Zot:5    | Received a gift from Okawaru
 71824 | Zot:5    | Killed an orb of fire
 71825 | Zot:5    | Killed an orb of fire
 71825 | Zot:5    | Killed an orb of fire
 71826 | Zot:5    | Noticed an ancient lich
 71828 | Zot:5    | Noticed a Killer Klown
 71834 | Zot:5    | Killed a Killer Klown
 71835 | Zot:5    | Killed an ancient lich
 71836 | Zot:5    | Killed a dread lich
 71839 | Zot:5    | Killed an ancient lich
 71843 | Zot:5    | Killed a Killer Klown
 71850 | Zot:5    | HP: 9/199 [poisoned by a green draconian (poison gas)]
 71850 | Zot:5    | HP: 4/199 [tentacled monstrosity (5)]
 71851 | Zot:5    | Succumbed to a green draconian's poison gas
 72088 | Zot:5    | Received a gift from Okawaru
 72112 | Zot:5    | Got the Orb of Zot
 72167 | Zot:5    | Noticed Ynkoinac the pandemonium lord
 72211 | Zot:5    | Killed from afar by Ynkoinac the pandemonium lord (14
                  | damage)
                  | ... with a living lightning
 72216 | Zot:5    | Killed Ynkoinac the pandemonium lord
 72220 | Zot:5    | Noticed Weapynebbu the pandemonium lord
 72228 | Zot:5    | Killed Weapynebbu the pandemonium lord
 72396 | Zot:5    | Reached skill level 27 in Short Blades
 72445 | Zot:5    | Noticed Dinwol the pandemonium lord
 72469 | Zot:5    | Killed Dinwol the pandemonium lord
 72516 | Zot:5    | Gained mutation: You frequently scream uncontrollably at
                  | your foes. [a cacodemon]
 72522 | Zot:5    | Gained mutation: You are clumsy. (Dex -2) [a cacodemon]
 72563 | Zot:5    | Received a gift from Okawaru
 72847 | Depths:3 | Noticed a seraph
 72861 | Depths:3 | Killed a seraph
 72889 | Depths:1 | Noticed Duwos the pandemonium lord
 72902 | Depths:1 | Killed Duwos the pandemonium lord
 72925 | Depths:1 | Noticed Xebboacs the pandemonium lord
 72953 | Depths:1 | Killed Xebboacs the pandemonium lord
 73325 | D:1      | Noticed Fuitour the pandemonium lord
 73341 | D:1      | Killed Fuitour the pandemonium lord
 73414 | D:$      | Escaped with the Orb!

Illustrated notes

Levels and vault maps discovered:
D:1:      elethiomel_arrival_quiet, layout_loops_ring,
          shapermc_ecumenical_altar_pompeii
D:2:      minmay_chambers_of_twos, layout_basic
D:3:      layout_rooms, grunt_decor_arrowhead, nrook_loot_triangle
D:4:      layout_gridville, gammafunk_ghost_stat_death, reono_crystal_passage,
          uniq_eustachio, uniq_robin, uniq_sigmund
D:5:      layout_cave_pools
D:6:      layout_basic, gammafunk_temple_overflow_pools,
          mainiacjoe_overflow_small_starburst, uniq_blork_the_orc
D:7:      minmay_spotlight, layout_cave_pods, minmay_temple_entry_mist
D:8:      gammafunk_boulding_lane, layout_loops_ring,
          mainiacjoe_overflow_six_doors_small, onia_ninara_dug_in_and_dangerous
D:9:      minmay_the_grid_3x2 [minmay_the_grid_fan, minmay_the_grid_odd_star,
          minmay_the_grid_plusring, minmay_the_grid_holed_spiral,
          minmay_the_grid_minigrid_large, minmay_the_grid_prize_inner_circle],
          layout_gridville
D:10:     layout_basic, chei_slow_surprise, zombieorc2_lemuel, uniq_joseph,
          uniq_nergalle
D:11:     layout_stronghold, minmay_lair_entry_grove, gauntlet_entry_generic,
          minmay_radiant
D:12:     layout_stronghold, nicolae_trove_entry_free_sample
D:13:     layout_roguey
D:14:     layout_loops_ring, hangedman_vaults_entry_quadrant_bands,
          serial_aquarium, aquarium_bridge_island_small
          [aquarium_subvault_small_open, aquarium_subvault_wall,
          aquarium_subvault_wall, aquarium_subvault_bridge,
          aquarium_subvault_window], aquarium_bridge_straight
          [aquarium_subvault_bridge, aquarium_subvault_wall,
          aquarium_subvault_bridge, aquarium_subvault_balcony],
          aquarium_window_1, aquarium_window_fake, aquarium_view_2d,
          uniq_frances, uniq_nessos, uniq_kirke
D:15:     grunt_enter_depths_hoard, layout_gridville, serial_shops,
          nicolae_shop_tiny_statue_garden, corexii_leaking_fountain
Temple:   bh_familiar_temple
Lair:1:   layout_layer_cave
Lair:2:   beast_lair_carwin_large_4, layout_cave_pods, uniq_erica
Lair:3:   nzn_winding_woodlands_stair_trap
          [nzn_winding_woodlands_5x15_lazy_stream,
          nzn_winding_woodlands_5x15_sidewinder,
          nzn_winding_woodlands_5x15_pool,
          nzn_winding_woodlands_15x15_five_gardens,
          nzn_winding_woodlands_5x15_cabin, nzn_winding_woodlands_5x15_eye,
          nzn_winding_woodlands_5x15_jagged], layout_cellular_growth,
          palyth_hydra_swamp_entry, spider_nest_entry_rubble, lemuel_fruit_tree
Lair:4:   layout_cave_pods, nicolae_slime_entry_field_trip,
          minmay_lair_drake_nest
Lair:5:   due_jungle_book, layout_regular_city, basic_altar, pond,
          serial_bayou_shore_b
Swamp:1:  layout_basic_swamp, gammafunk_ghost_split, evilmike_swamp_ruin_house_3
Swamp:2:  layout_basic_swamp, hangedman_swamp_ruin_wall, swamp_pool2,
          uniq_mlioglotl
Swamp:3:  layout_basic_swamp, evilmike_swamp_ruin_house_5, swamp_pool4,
          nicolae_swamp_fairy_circle, infiniplex_staircase_pool, uniq_nikola
Spider:1: layout_spider_delve, special_room [special_room_bee],
          hangedman_spider_tarantella_strand
Spider:2: layout_spider_delve, nicolae_spider_moth_buddies
Spider:3: layout_spider_delve, gammafunk_ghost_tricky_traps
Spider:4: johnstein_spider_rune_arachne_lair, uniq_agnes
Orc:1:    layout_caves
Vaults:1: v_misc_11, nicolae_vaults_storage_closets_2,
          nicolae_vaults_tetromino_Z_2, nicolae_vaults_security_offices_5,
          nicolae_vaults_offset_grid_hallway_1, nicolae_vaults_border_crossing,
          hangedman_vaults_corner_blocks, nicolae_vaults_diamond_2,
          nicolae_vaults_turnstiles, ontoclasm_vaults_fault, vaults_dpeg_ring,
          layout_vaults_big_room
Vaults:2: blue_anna_dwarven_crypt, vaults_mumra_hex,
          ontoclasm_vaults_ring_square, v_misc_19,
          nicolae_vaults_storage_room_glass, nicolae_vaults_stepped_doors,
          nicolae_vaults_tangram_2, nicolae_vaults_yaktaur_gun_rack,
          nicolae_vaults_statue_guard, vaults_room_corners,
          layout_vaults_omnicross
Vaults:3: portal_desolation_entry_nicolae_slug, ontoclasm_vaults_claustrophobia,
          v_misc_16, vaults_standard_mumra_x, special_room_vaults
          [special_room_orc], v_pattern_4, nicolae_vaults_closet_pinwheel_2,
          nicolae_vaults_trapezoid_2, nicolae_vaults_tetromino_L_1,
          layout_vaults_omnigrid, serial_shops, nicolae_shop_gaudy_bauble,
          shop_coins, shop_statue, shop, shop
Vaults:4: nicolae_vaults_twisting_passages, hangedman_vaults_nails,
          nicolae_vaults_trapezoid_lopsided_4, nicolae_vaults_mini_display_case,
          nicolae_vaults_triangles, nicolae_vaults_offset_grid_hallway_1,
          nicolae_vaults_oval_intersection, nicolae_vaults_shrinking_rooms_2,
          ontoclasm_vaults_ring_large, v_rooms_4, vaults_mumra_chevron_long,
          nicolae_vaults_house_2, nicolae_vaults_little_squares_1,
          layout_vaults_omnibox, uniq_donald, uniq_bai_suzhen, uniq_frederick,
          uniq_jory
Vaults:5
Crypt:1:  layout_misc_corridors, grunt_ministairs_9, grunt_crypt_arrival_webbed
Crypt:2:  layout_misc_corridors, lemuel_elevator, uniq_josephina
Crypt:3:  due_elkab, layout_chaotic_city, minmay_misc_feat_cross,
          lemuel_statue_altar
Tomb:1
Tomb:2
Tomb:3
Depths:1: layout_forbidden_donut, lightli_too_deep,
          minmay_hollow_rounded_squares, minmay_shop_star, serial_bayou_shore_b
Depths:2: kennysheep_four_of_diamonds, layout_small_grid, enter_ziggurat_a,
          rand_demon_pan_entry_3, minmay_misc_feat_secret_circle, hell_entry,
          serial_shops, nicolae_shop_rolling_square, kennysheep_mini_moat,
          nicolae_shop_statue_plus, nicolae_shop_statue_plus,
          nicolae_yredelemnul_corpse_copse
Depths:3: regret_index_qazlal_generations, layout_cave_shapes,
          minmay_room_of_horrors, nrook_uturn, serial_shops, shop, hell_entry,
          gammafunk_ghost_grave, serial_sigils_hangedman_clutch,
          onia_ninara_cookie
Depths:4: grunt_zot_entry_hairpin, layout_gridlike, hangedman_coc_ice_floe,
          infiniplex_enter_wizlab_water, serial_bayou_shore_a
Hell
Geh:1:    layout_gehenna_pools_box
Geh:2:    layout_gehenna_lava_caves
Geh:3:    layout_gehenna_pools_triple
Geh:4:    layout_gehenna_lava_caves
Geh:5:    layout_gehenna_pools_basic, hangedman_elemental_grid_stream
Geh:6:    layout_gehenna_lava_caves
Geh:7:    geh_mu
Coc:1:    layout_ice_bergs
Coc:2:    layout_ice_bergs, nicolae_coc_icebean_singular
          [nicolae_sub_coc_subbean]
Coc:3:    layout_cocytus_water_paths
Coc:4:    layout_ice_bergs
Coc:5:    nicolae_coc_three_mouths, layout_cocytus_delve
Coc:6:    layout_cocytus_water_paths
Coc:7:    coc_grunt_cove [coc_grunt_cove_antaeus, coc_grunt_cove_fiend,
          coc_grunt_cove_fiend, coc_grunt_cove_fiend, coc_grunt_cove_fiend]
Zot:1:    layout_gridlike
Zot:2:    infiniplex_zot_generator, layout_cathedral_of_symmetry
Zot:3:    layout_misc_corridors, st_large_dragon_hoard_4, uniq_grunn
Zot:4:    layout_gridlike, grunt_megastairs_4
Zot:5:    layout_gridlike

Skill      XL: |  1  2  3  4  5  6  7  8  9 10 11 12 13 14 15 16 17 18 19 20 21 22 23 24 25 26 27 |
---------------+----------------------------------------------------------------------------------+-----
Armour         | 4 5 6 7 8 10 11 12 13 14 15 17 27 | 27.0
Axes           | 3 4 5 6 9 10 12 13 15 16 17 18 19 20 21 27 | 27.0
Fighting       | 4 5 6 7 8 9 10 11 12 13 14 15 16 18 21 27 | 27.0
Dodging        | 2 3 4 5 6 7 8 27 | 27.0
Shields        | 5 6 7 8 10 12 13 15 16 17 18 19 25 | 25.2
Stealth        | 3 |  3.2
Long Blades    | 3 4 5 6 7 8 9 |  9.3
Spellcasting   | 2 4 5 6 7 8 9 |  9.2
Evocations     | 4 13 18 21 24 26 27 | 27.0
Short Blades   | 27 | 27.0
Necromancy     | 7 |  7.3

Action                     |  1- 3 |  4- 6 |  7- 9 | 10-12 | 13-15 | 16-18 | 19-21 | 22-24 | 25-27 || total
---------------------------+-------+-------+-------+-------+-------+-------+-------+-------+-------++-------
  Melee: War axe           |   122 |   135 |   209 |   251 |       |       |       |       |       ||   717
         Battleaxe         |       |       |       |   221 |   789 |   936 |   907 |  1310 |  3701 ||  7864
         Halberd           |       |       |       |       |    51 |       |       |       |       ||    51
         Unarmed           |       |       |       |       |       |       |       |       |    35 ||    35
Ability: Dig               |       |       |     4 |     3 |     2 |       |       |     2 |     8 ||    19
  Evoke: Lightning rod     |       |       |       |       |       |       |       |       |     1 ||     1
    Use: Scroll            |     2 |     8 |     6 |     4 |    16 |    13 |     1 |     6 |    30 ||    86
         Potion            |       |       |       |       |       |       |       |       |    14 ||    14
   Stab: Petrified         |       |       |       |     8 |       |       |       |       |       ||     8
         Petrifying        |       |       |       |     1 |       |       |       |       |       ||     1
         Invisible         |       |       |       |       |    21 |    27 |    26 |     6 |    24 ||   104
         Distracted        |       |       |       |       |       |       |       |       |    94 ||    94
         Confused          |       |       |       |       |       |       |       |       |     3 ||     3
 Armour: Scale mail        |    70 |   124 |    33 |       |       |       |       |       |       ||   227
         Plate armour      |       |       |    75 |   261 |   283 |   467 |   339 |   393 |  1731 ||  3549
         Skin              |       |       |       |       |       |       |       |       |    12 ||    12
  Dodge: Dodged            |    69 |    89 |   109 |   144 |   330 |   531 |   320 |   345 |  1825 ||  3762
  Block: Buckler           |    42 |    69 |    91 |   309 |   444 |       |       |       |       ||   955
         Reflection        |       |       |       |    12 |    10 |    21 |    71 |    33 |   197 ||   344
         Kite shield       |       |       |       |       |    77 |  1230 |       |       |       ||  1307
         Tower shield      |       |       |       |       |       |    35 |  1156 |  1425 |  5518 ||  8134

Table legend: (Time is in decaauts)
 A = Elapsed time spent in this place.
 B = Non-inter-level travel time spent in this place.
 C = Inter-level travel time spent in this place.
 D = Time resting spent in this place.
 E = Time spent auto-exploring this place.
 F = Levels seen in this place.
 G = Mean time per level.
                   A        B        C        D        E       F      G
               +--------+--------+--------+--------+--------+-----+--------+
         Total |  72599 |  68870 |   3729 |  12381 |  34770 |  93 |  780.6 |
       Dungeon |  14878 |  14227 |    651 |   1591 |   9257 |  15 |  991.9 |
        Temple |    203 |    184 |     19 |      0 |    172 |   1 |  203.0 |
          Lair |   6316 |   5746 |    570 |      0 |   4536 |   5 | 1263.2 |
         Swamp |   2569 |   2447 |    122 |    364 |   1285 |   3 |  856.3 |
   Spider Nest |   4272 |   4057 |    215 |    265 |   2586 |   4 | 1068.0 |
  Orcish Mines |      1 |      1 |      0 |      0 |      0 |   1 |    1.0 |
        Vaults |   6788 |   6490 |    298 |    459 |   4169 |   5 | 1357.6 |
         Crypt |   3353 |   3103 |    250 |     13 |   2055 |   3 | 1117.7 |
          Tomb |   5671 |   5259 |    412 |   2547 |   1163 |   3 | 1890.3 |
        Depths |   5444 |   4807 |    637 |    295 |   2661 |   4 | 1361.0 |
          Hell |    798 |    733 |     65 |    205 |    249 |   1 |  798.0 |
       Gehenna |   4822 |   4683 |    139 |   1455 |   1590 |   7 |  688.9 |
       Cocytus |   4395 |   4235 |    160 |   1277 |   1389 |   7 |  627.9 |
           Zot |   6433 |   6245 |    188 |    904 |   3378 |   5 | 1286.6 |
      Ziggurat |   5269 |   5269 |      0 |   2718 |     11 |  27 |  195.1 |
        Wizlab |    676 |    676 |      0 |      0 |    143 |   1 |  676.0 |
      Gauntlet |    704 |    704 |      0 |    288 |    122 |   1 |  704.0 |
               +--------+--------+--------+--------+--------+-----+--------+

Top non-repeatable levels by time:
  Tomb:1: 3545 daAuts
   Geh:7: 2024 daAuts
   Coc:7: 1775 daAuts
Depths:3: 1715 daAuts
     D:4: 1669 daAuts
Depths:4: 1647 daAuts
Vaults:3: 1613 daAuts
  Lair:3: 1510 daAuts
   Zot:3: 1505 daAuts
  Lair:5: 1495 daAuts
 Crypt:3: 1493 daAuts
   Zot:2: 1460 daAuts
Vaults:1: 1402 daAuts
Vaults:5: 1381 daAuts
Spider:4: 1355 daAuts
